Workbook

Sheet Obsah
A1: Příloha č. 1 - Vzory pro uveřejňování podle vyhlášky
A2: List | B2: Název šablony | C2: frekvence vykazování | D2: Povinná osoba výkaz vyplňuje: ANO/NE
A3: Datum uveřejnění informace | C3: 43647
A4: Informace platné k datu | C4: 31.12.2018, data po auditu
A5: I. Seznam údajů o povinné osobě, složení společníků nebo členů, struktuře konsolidačního celku, jehož je součástí, o činnosti a finanční situaci - k příloze č. 10 k vyhlášce 163/2014 Sb., ve znění vyhl. č. 392/2017 Sb.
A6: I. Část 1 | B6: Údaje o povinné osobě | C6: čtvrtletně | D6: ANO
A7: I. Část 1a | B7: Organizační struktura povinné osoby | C7: čtvrtletně | D7: ANO
A8: I. Část 2 | B8: Údaje o složení společníků nebo členů povinné osoby | C8: čtvrtletně | D8: ANO
A9: I. Část 3 | B9: Údaje o struktuře konsolidačního celku, jehož je povinná osoba součástí | C9: čtvrtletně | D9: ANO
A10: I. Část 3a | B10: Grafické znázornění konsolidačního celku, jehož členem je povinná osoba, z hlediska vlastnického uspořádání | C10: čtvrtletně | D10: ANO
A11: I. Část 3b | B11: Grafické znázornění konsolidačního celku, jehož členem je povinná osoba, z hlediska řízení | C11: čtvrtletně | D11: ANO
A12: I. Část 4 | B12: Údaje o činnosti povinné osoby | C12: čtvrtletně | D12: ANO
A13: I. Část 5 | B13: Údaje o finanční situaci povinné osoby | C13: čtvrtletně | D13: ANO
A14: I. Část 5a | B14: Údaje o finanční situaci povinné osoby - deriváty | C14: čtvrtletně | D14: NE
A15: I. Část 5b | B15: Údaje o finanční situaci povinné osoby - informace povinné osoby, která je bankou nebo spořitelním a úvěrním družstvem, o výkonných a nevýkonných expozicích | C15: čtvrtletně | D15: NE
A16: I. Část 6 | B16: Rozvaha povinné osoby podle výkazů předkládaných České národní bance | C16: čtvrtletně | D16: ANO
A17: I. Část 7 | B17: Výkaz zisku nebo ztráty povinné osoby podle výkazů předkládaných České národní bance | C17: čtvrtletně | D17: ANO
A18: II. Seznam údajů o majetkoprávních vztazích mezi členy konsolidačního celku a řídicím a kontrolním systému - k příloze č. 11 k vyhlášce 163/2014 Sb., ve znění vyhl. č. 392/2017 Sb.*
A19: II. Část 1 | B19: Obsah údajů o majetkoprávních vztazích mezi členy konsolidačního celku a řídicím a kontrolním systému I* | C19: ročně | D19: ANO
A20: II. Část 2 | B20: Obsah údajů o majetkoprávních vztazích mezi členy konsolidačního celku a řídicím a kontrolním systému II* | C20: ročně | D20: ANO
A21: II. Část 3 | B21: Obsah údajů o majetkoprávních vztazích mezi členy konsolidačního celku a řídicím a kontrolním systému III* | C21: ročně | D21: ANO
A22: III. Seznam údajů o druzích a rozsahu poskytnutých investičních služeb - k příloze č. 12 k vyhlášce 163/2014 Sb., ve znění vyhl. č. 392/2017 Sb.
A23: III. Část 1 | B23: Investiční služby poskytnuté obchodníkem s cennými papíry jiným než podle § 8a odst. 4 a 7 zákona o podnikání na kapitálovém trhu | C23: čtvrtletně | D23: ANO
A24: III. Část 2 | B24: Investiční služby poskytnuté obchodníkem s cennými papíry podle § 8a odst. 4 a 7 zákona o podnikání na kapitálovém trhu | C24: čtvrtletně | D24: NE
A25: IV. Seznam údajů uveřejňovaných pobočkou banky z jiného než členského státu - k příloze č. 13 k vyhlášce 163/2014 Sb., ve znění vyhl. č. 392/2017 Sb.
A26: IV. Část 1 | B26: Údaje o zahraniční bance z jiného než členského státu | C26: čtvrtletně | D26: NE
A27: IV. Část 1a | B27: Údaje o složení společníků nebo členů zahraniční banky z jiného než členského státu | C27: čtvrtletně | D27: NE
A28: IV. Část 1b | B28: Údaje o činnosti zahraniční banky z jiného než členského státu | C28: čtvrtletně | D28: NE
A29: IV. Část 1c | B29: Výroční zpráva zahraniční banky z jiného než členského státu | C29: čtvrtletně | D29: NE
A30: IV. Část 2 | B30: Údaje o pobočce banky z jiného než členského státu I | C30: čtvrtletně | D30: NE
A31: IV. Část 2a | B31: Údaje o pobočce banky z jiného než členského státu II | C31: čtvrtletně | D31: NE
A32: IV. Část 2b | B32: Údaje o pobočce banky z jiného než členského státu III | C32: čtvrtletně | D32: NE
A33: IV. Část 3 | B33: Údaje o plnění obezřetnostních pravidel pobočky banky z jiného než členského státu | C33: čtvrtletně | D33: NE
A34: IV. Část 3a | B34: Údaje podle článku 437 odst. 1 písm. a) nařízení (EU) č. 575/2013, s výjimkou úplného sesouhlasení položek, filtrů a odpočtů na rozvahu v rámci auditované účetní závěrky pobočky banky z jiného než členského státu | C34: čtvrtletně | D34: NE
A35: IV. Část 3b | B35: Údaje o plnění obezřetnostních pravidel pobočky banky z jiného než členského státu podle článku 438 písm. c) až f) nařízení (EU) č. 575/2013. | C35: čtvrtletně | D35: NE
A36: IV. Část 3c | B36: Údaje o plnění obezřetnostních pravidel pobočky banky z jiného než členského státu - reálné a jmenovité hodnoty derivátů | C36: čtvrtletně | D36: NE
A37: IV. Část 3d | B37: Údaje o plnění obezřetnostních pravidel pobočky banky z jiného než členského státu - informace pobočky banky z jiného než členského státu o výkonných a nevýkonných expozicích | C37: čtvrtletně | D37: NE
A38: V. Seznam údajů ověřovaných auditorem - k příloze č. 14 k vyhlášce 163/2014 Sb., ve znění vyhl. č. 392/2017 Sb.
A39: V. Část 1 | B39: Údaje o kapitálu | C39: ročně | D39: ANO
A40: V. Část 2 | B40: Údaje o kapitálových požadavcích | C40: ročně | D40: ANO
A41: V. Část 3 | B41: Kapitálové poměry | C41: ročně | D41: ANO
A42: V. Část 4 | B42: Poměrové ukazatele | C42: ročně | D42: ANO
A43: VI. ŘKS - k § 11b odst. 6 zákona č. 21/1992 Sb. a čl. 96 směrnice 2013/36/EU
A44: VI. Část 1 | B44: Údaje o ŘKS | C44: ročně | D44: NE
A45: Číselníky
A46: Číselník 1 | B46: CZ-NACE (OKEČ) číselník
A47: Číselník 2 | B47: Kódy zemí
A48: Pozn.: Není-li uvedeno jinak, vyhláškou se v této příloze rozumí vyhláška č. 163/2014 Sb., ve znění vyhlášky č. 392/2017 Sb.
A49: * Tuto část uveřejňují pouze povinné osoby, kterým jsou stanoveny povinnosti na konsolidovaném základě.

Sheet I. Část 1
A1: I. Část 1
A2: Údaje o povinné osobě
A4: Údaje o povinné osobě | E4: Vyhláška č. 163/2014 Sb., v platném znění, příloha 10
A6: Informace platné k datu: | D6: =Obsah!C4 -> 31.12.2018, data po auditu
A7: Obchodní firma | D7: CYRRUS, a.s. | E7: Bod 1 písm. a)
A8: Právní forma | D8: Akciová společnost
A9: Adresa sídla | D9: Veveří 111 (PLATINIUM), 616 00 Brno
A10: Identifikační číslo povinné osoby podle zápisu v obchodním rejstříku | D10: 63907020
A11: Datum zápisu do obchodního rejstříku | D11: 11. prosince 1995 | E11: Bod 1 písm. b)
A12: Datum zápisu poslední změny do obchodního rejstříku | D12: 16. ledna 2015
A13: Účel poslední změny zápisu do obchodního rejstříku | D13: Změna způsobu jednání za společnost, změna předmětu podnikání společnosti
A14: Výše základního kapitálu zapsaného v obchodním rejstříku | D14: 20.020.000,- Kč | E14: Bod 1 písm. c)
A15: Výše splaceného základního kapitálu | D15: 20.020.000,- Kč | E15: Bod 1 písm. d)
A16: Akciová společnost | B16: Druh, forma, podoba emitovaných akcií | D16: Kmenové akcie na jméno v listinné podobě | E16: Bod 1 písm. e)
B17: Počet emitovaných akcií | D17: 2.002 ks
B18: Jmenovitá hodnota akcií | D18: 10.000,- Kč
A19: Údaje o nabytí vlastních akcií a zatímních listů a jiných kapitálových nástrojů, pokud povinná osoba je akciovou společností | D19: Společnost CYRRUS, a.s. nevlastní vlastní akcie | E19: Bod 1 písm. f)
A20: Údaje o zvýšení základního kapitálu, pokud základní kapitál byl zvýšen od posledního uveřejnění | B20: Navýšení základního kapitálu od posledního uveřejnění | D20: ne | E20: Bod 1 písm. g)
B21: Způsob a rozsah zvýšení základního kapitálu, jsou-li vydávány nové akcie | C21: Druh emitovaných akcií
C22: Počet emitovaných akcií
C23: Jmenovitá hodnota akcií
C24: Rozsah splacení nově upsaných akcií
C25: Lhůta pro splacení nově upsaných akcií
B26: Způsob a rozsah zvýšení základního kapitálu z vlastních zdrojů | C26: Částka o níž se základní kapitál zvyšuje
C27: Vlastní zdroje, z nichž se základní kapitál zvyšuje
C28: Akciová společnost uvede, zda se zvyšuje jmenovitá hodnota akcií a o jakou částku
A29: Údaje o členech vedoucího orgánu a o osobách ve vrcholném vedení povinné osoby | B29: Souhrnná výše úvěrů poskytnutých povinnou osobou členům vedoucího orgánu, osobám ve vrcholném vedení povinné osoby | E29: Bod 1 písm. i)
B30: Souhrnná výše záruk vydaných povinnou osobou za členy vedoucího orgánu, osoby ve vrcholném vedení povinné osoby
A31: Údaje o členech vedoucího orgánu a o osobách ve vrcholném vedení povinné osoby | E31: Bod 1 písm. i) bod 4
A32: Jméno a příjmení, včetně titulů | D32: Ing. Marek Hatlapatka
A33: Označení orgánu a v něm vykonávané funkce nebo označení pozice ve vrcholném vedení, a datum, od kdy osoba vykonává příslušnou funkci nebo zastává danou pozici | C33: Orgán | D33: Představenstvo
C34: Funkce/pozice | D34: Předseda představenstva
C35: Datum počátku výkonu funkce/pozice | D35: 43160
A36: Dosavadní zkušenosti a kvalifikační předpoklady pro výkon dané funkce nebo zastávané pozice
A53: Členství člena vedoucího orgánu povinné osoby v orgánech jiných právnických osob
A54: Jméno a příjmení, včetně titulů
A55: Označení právnické osoby, orgánu a v něm vykonávané funkce | C55: Označení právnické osoby
C56: Orgán
C57: Funkce
A59: Členství v orgánech jiných právnických osob
A60: Jméno a příjmení, včetně titulů
A61: Název právnické osoby, označení orgánu a v něm vykonávané funkce | C61: Název právnické osoby
C62: Orgán
C63: Funkce
A64: Členství v orgánech jiných právnických osob
A65: Jméno a příjmení, včetně titulů
A66: Název právnické osoby, označení orgánu a v něm vykonávané funkce | C66: Název právnické osoby
C67: Orgán
C68: Funkce
A69: Členství v orgánech jiných právnických osob
A70: Jméno a příjmení, včetně titulů
A71: Název právnické osoby, označení orgánu a v něm vykonávané funkce | C71: Název právnické osoby
C72: Orgán
C73: Funkce
A76: Údaje o členech vedoucího orgánu a o osobách ve vrcholném vedení povinné osoby | E76: Bod 1 písm. i) bod 4
A77: Jméno a příjmení, včetně titulů
A78: Označení orgánu a v něm vykonávané funkce nebo označení pozice ve vrcholném vedení, a datum, od kdy osoba vykonává příslušnou funkci nebo zastává danou pozici | C78: Orgán
C79: Funkce/pozice
C80: Datum počátku výkonu funkce/pozice
A81: Dosavadní zkušenosti a kvalifikační předpoklady pro výkon dané funkce nebo zastávané pozice
A98: Členství v orgánech jiných právnických osob
A99: Jméno a příjmení, včetně titulů
A100: Název právnické osoby, označení orgánu a v něm vykonávané funkce | C100: Název právnické osoby
C101: Orgán
C102: Funkce
A104: Členství v orgánech jiných právnických osob
A105: Jméno a příjmení, včetně titulů
A106: Název právnické osoby, označení orgánu a v něm vykonávané funkce | C106: Název právnické osoby
C107: Orgán
C108: Funkce
A109: Členství v orgánech jiných právnických osob
A110: Jméno a příjmení, včetně titulů
A111: Název právnické osoby, označení orgánu a v něm vykonávané funkce | C111: Název právnické osoby
C112: Orgán
C113: Funkce
A114: Členství v orgánech jiných právnických osob
A115: Jméno a příjmení, včetně titulů
A116: Název právnické osoby, označení orgánu a v něm vykonávané funkce | C116: Název právnické osoby
C117: Orgán
C118: Funkce
A121: Údaje o členech vedoucího orgánu a o osobách ve vrcholném vedení povinné osoby | E121: Bod 1 písm. i) bod 4
A122: Jméno a příjmení, včetně titulů
A123: Označení orgánu a v něm vykonávané funkce nebo označení pozice ve vrcholném vedení, a datum, od kdy osoba vykonává příslušnou funkci nebo zastává danou pozici | C123: Orgán
C124: Funkce/pozice
C125: Datum počátku výkonu funkce/pozice
A126: Dosavadní zkušenosti a kvalifikační předpoklady pro výkon dané funkce nebo zastávané pozice
A143: Členství v orgánech jiných právnických osob
A144: Jméno a příjmení, včetně titulů
A145: Název právnické osoby, označení orgánu a v něm vykonávané funkce | C145: Název právnické osoby
C146: Orgán
C147: Funkce
A149: Členství v orgánech jiných právnických osob
A150: Jméno a příjmení, včetně titulů
A151: Název právnické osoby, označení orgánu a v něm vykonávané funkce | C151: Název právnické osoby
C152: Orgán
C153: Funkce
A154: Členství v orgánech jiných právnických osob
A155: Jméno a příjmení, včetně titulů
A156: Název právnické osoby, označení orgánu a v něm vykonávané funkce | C156: Název právnické osoby
C157: Orgán
...

Sheet I. Část 1a
A1: I. Část 1a
A2: Organizační struktura povinné osoby
A4: Organizační struktura povinné osoby | E4: Vyhláška č.163/2014 Sb., příloha 10
A6: Informace platné k datu: | D6: =Obsah!C4 -> 31.12.2018, data po auditu
A7: Počet obchodních míst | D7: 3 | E7: Bod 1 písm. h)
A8: Počet pracovníků (přepočtený stav) | D8: 100
A9: Organizační struktura povinné osoby (znázorní se níže)

Sheet I. Část 2
A1: I. Část 2
A2: Údaje o složení společníků nebo členů povinné osoby
A4: Údaje o složení společníků nebo členů povinné osoby | K4: Vyhláška č. 163/2014 Sb., v platném znění, příloha 10
A6: Informace platné k datu: | D6: =Obsah!C4 -> 31.12.2018, data po auditu
A7: Údaje o kapitálu a kapitálových požadavcích podle článku 437 odst. 1 písm. a) nařízení (EU) č. 575/2013. | K7: Bod 2 písm. a), b)
A8: Společnící nebo členové, kteří jsou právnickými osobami | I8: Společníci nebo členové, kteří jsou fyzickými osobami
A9: Číslo řádku | B9: Obchodní firma | C9: Právní forma | D9: Adresa sídla | E9: Adresa sídla (země) | F9: Identifikační číslo, je-li přiděleno | G9: Odvětvová klasifikace ekonomických činností | H9: Výše podílu na hlas. právech (v %) | I9: Jméno a příjmení | J9: Výše podílu na hlas. právech (v %)
A10: 1 | B10: CYRRUS GROUP, SE | C10: SE | D10: Veveří 3163/111, Žabovřesky, 616 00 Brno | E10: Česká republika | F10: 29416736 | G10: 1100300 | H10: 100 | I10: Loubal Jiří | J10: 0
A11: 2 | I11: Kozumplík Martin | J11: 0
A12: 3
A13: …

Sheet I. Část 3
A1: I. Část 3
A2: Údaje o struktuře konsolidačního celku, jehož je povinná osoba součástí
A4: Informace o osobách, které jsou ve vztahu k povinné osobě ovládajícími osobami, popřípadě většinovým společníkem | V4: Vyhláška č. 163/2014 Sb., v platném znění, příloha 10
A6: Informace platné k datu: | D6: =Obsah!C4 -> 31.12.2018, data po auditu
A7: Číslo řádku | B7: Obchodní firma | C7: Právní forma | D7: Adresa sídla | E7: Adresa sídla (země) | F7: Identifikační číslo, je-li přiděleno | G7: Odvětvová klasifikace ekonomických činností | H7: Jméno a příjmení (v případě fyzické osoby) | I7: Přímý podíl na základním kapitálu povinné osoby (v %) | J7: Nepřímý podíl na základním kapitálu povinné osoby (v %) | K7: Přímý podíl na hlasovacích právech povinné osoby (v %) | L7: Neřímý podíl na hlasovacích právech povinné osoby (v %) | M7: Jiný způsob ovládání | N7: Souhrnná výše dluhových nástrojů, které má povinná osoba v aktivech a které jsou závazkem těchto osob, v členění podle osob (v tis. Kč) | P7: Souhrnná výše závazků povinné osoby vůči těmto osobám, v členění podle osob (v tis. Kč) | R7: Souhrnná výše kapitálových nástrojů, které má povinná osoba v aktivech a které jsou vlastním kapitálem těchto osob, v členění podle osob (v tis. Kč) | S7: Souhrnná výše závazků povinné osoby z těchto kapitálových nástrojů, v členění podle osob (v tis. Kč)e | T7: Souhrnná výše povinnou osobou vydaných záruk za těmito osobami, v členění podle osob (v tis. Kč) | U7: Souhrnná výše povinnou osobou přijatých záruk od takových osob, v členění podle osob (v tis. Kč) | V7: Bod 3 písm. a)
N8: Dluhové cenné papírya | O8: Ostatní dluhové nástrojeb | P8: Dluhové cenné papíryc | Q8: Ostatní dluhové nástrojed
A9: 1 | B9: CYRRUS GROUP, SE | C9: SE | D9: Veveří 3163/111, Žabovřesky, 616 00 Brno | E9: Česká republika | F9: 29416736 | G9: 1100300 | I9: 100
A10: 2
A11: 3
A12: …
V13: Bod 3 písm. a)
A43: Informace o osobách, které jsou ve vztahu k povinné osobě ovládanými osobami, popřípadě v nichž je povinná osoba většinovým společníkem | V43: Vyhláška č. 163/2014 Sb., v platném znění, příloha 10
A45: Číslo řádku | B45: Obchodní firma | C45: Právní forma | D45: Adresa sídla | E45: Adresa sídla (země) | F45: Identifikační číslo, je-li přiděleno | G45: Odvětvová klasifikace ekonomických činností | H45: Zahrnutí do obezřetnostní konsolidace (ano/ne)f | I45: Přímý podíl povinné osoby na základním kapitálu (v %) | J45: Nepřímý podíl povinné osoby na základním kapitálu (v %) | K45: Přímý podíl povinné osoby na hlasovacích právech (v %) | L45: Nepřímý podíl povinné osoby na hlasovacích právech (v %) | M45: Jiný způsob ovládání | N45: Souhrnná výše dluhových nástrojů, které má povinná osoba v aktivech a které jsou závazkem těchto osob, v členění podle osob (v tis. Kč) | P45: Souhrnná výše závazků povinné osoby vůči těmto osobám, v členění podle osob (v tis. Kč) | R45: Souhrnná výše kapitálových nástrojů, které má povinná osoba v aktivech a které jsou vlastním kapitálem těchto osob, v členění podle osob v tis. Kč) | S45: Souhrnná výše závazků povinné osoby z těchto kapitálových nástrojů, v členění podle osob (v tis. Kč)e | T45: Souhrnná výše povinnou osobou vydaných záruk za takové osoby, v členění podle osob (v tis. Kč) | U45: Souhrnná výše povinnou osobou přijatých záruk od takových osob, v členění podle osob (v tis. Kč) | V45: Bod 3 písm. b)
N46: Dluhové cenné papírya | O46: Ostatní dluhové nástrojeb | P46: Dluhové cenné papíryc | Q46: Ostatní dluhové nástrojed
A47: 1
A48: 2
A49: 3
A50: …
A51: … | V51: Bod 3 písm. b)
A52: …
A53: …
A54: …
A55: …
A56: …
A57: …
A58: …
A59: …
A60: …
A61: …
A62: …
A63: …
... A79: …
A80: Pozn. (viz sloupec N šablony): | N80: a tj. dluhové cenné papíry držené povinnou osobou v aktivech a vydané ovládajícími nebo ovládanými osobami, popřípadě osobami, v nichž je povinná osoba většinovým společníkem
N81: b tj. ostatní pohledávky povinné osoby vůči ovládajícím nebo ovládaným osobám, popřípadě osobám, v nichž je povinná osoba většinovým společníkem
N82: c tj. dluhové cenné papíry vydané povinnou osobou a držené ovládajícími nebo ovládanými osobami v aktivech, popřípadě osobami, v nichž je povinná osoba většinovým společníkem
N83: d tj. ostatní závázky povinné osoby vůči ovládajícím nebo ovládaným osobám, popřípadě osobám, v nichž je povinná osoba většinovým společníkem
N84: e tj. závazky z krátkých prodejů
N85: f Grafické znázornění konsolidačního celku, jehož členem je povinná osoba, z hlediska vlastnického uspořádání je znázorněno na listu I. Část 3a

Sheet I. Část 3a
A1: I. Část 3a
A2: Grafické znázornění konsolidačního celku, jehož členem je povinná osoba, z hlediska vlastnického uspořádání
A4: Grafické údaje o struktuře konsolidačního celku, jehož je povinná osoba součástí | D4: Vyhláška č. 163/2014 Sb., v platném znění, příloha 10
A6: Informace platné k datu: | C6: =Obsah!C4 -> 31.12.2018, data po auditu
A7: Grafické znázornění konsolidačního celku, jehož členem je povinná osoba, z hlediska vlastnického uspořádání s vyznačením osob, které jsou zahrnuty do obezřetnostní konsolidace, a uvedením důvodu pro nezahrnutí do obezřetnostní konsolidace u ostatních osob | D7: Bod 3 písm. c)
A8: U daného subjektu stačí uvést příslušné číslo odůvodnění:
A9: 1 - není institucí, finanční institucí, podnikem pomocných služeb nebo společností spravující aktiva podle článku 18 odst. 8 nařízení (EU) č. 575/2013
A10: 2 - nezahrnutí subjektu z důvodu jeho velikosti, tj. subjekt splňuje podmínky podle článku 19 odst. 1 nařízení (EU) č. 575/2013
A11: 3 - subjekt není zahrnut z důvodů uvedených v článku 19 odst. 2 písm. a) nařízení (EU) č. 575/2013
A12: 4 - subjekt není zahrnut z důvodů uvedených v článku 19 odst. 2 písm. b) nařízení (EU) č. 575/2013
A13: 5 - subjekt není zahrnut z důvodů uvedených v článku 19 odst. 2 písm. c) nařízení (EU) č. 575/2013
A15: Tučně a podtrženě označuje subjekty obezřetnostního konsolidačního celku.

Sheet I. Část 3b
A1: I. Část 3b
A2: Grafické znázornění konsolidačního celku, jehož členem je povinná osoba, z hlediska řízení
A4: Grafické údaje o struktuře konsolidačního celku, jehož je povinná osoba součástí | D4: Vyhláška č. 163/2014 Sb., v platném znění, příloha 10
A6: Informace platné k datu: | C6: =Obsah!C4 -> 31.12.2018, data po auditu
A7: Grafické znázornění konsolidačního celku, jehož členem je povinná osoba, z hlediska řízení s vyznačením osob, které jsou zahrnuty do obezřetnostní konsolidace, a uvedením důvodu pro nezahrnutí do obezřetnostní konsolidace u ostatních osob | D7: Bod 3 písm. d)
A8: U daného subjektu stačí uvést příslušné číslo odůvodnění:
A9: 1 - není institucí, finanční institucí, podnikem pomocných služeb nebo společností spravující aktiva podle článku 18 odst. 8 nařízení (EU) č. 575/2013
A10: 2 - nezahrnutí subjektu z důvodu jeho velikosti, tj. subjekt splňuje podmínky podle článku 19 odst. 1 nařízení (EU) č. 575/2013
A11: 3 - subjekt není zahrnut z důvodů uvedených v článku 19 odst. 2 písm. a) nařízení (EU) č. 575/2013
A12: 4 - subjekt není zahrnut z důvodů uvedených v článku 19 odst. 2 písm. b) nařízení (EU) č. 575/2013
A13: 5 - subjekt není zahrnut z důvodů uvedených v článku 19 odst. 2 písm. c) nařízení (EU) č. 575/2013
A15: Tučně a podtrženě označuje subjekty obezřetnostního konsolidačního celku.

Sheet I. Část 4
A1: I. Část 4
A2: Údaje o činnosti povinné osoby
A4: Údaje o činnosti povinné osoby
A5: Vyhláška č. 163/2014 Sb., v platném znění, příloha 10
A6: Informace platné k datu: | C6: =Obsah!C4 -> 31.12.2018, data po auditu
A7: číslo řádku | B7: Bod 4 písm. a) | C7: Bod 4 písm. b) | D7: Bod 4 písm. c)
B8: Předmět podnikání (činnosti) zapsaný v obchodním rejstříku | C8: Přehled činností skutečně vykonávaných | D8: Přehled činností, jejichž vykonávání nebo poskytování bylo Českou národní bankou omezeno nebo vyloučeno
A9: 1 | B9: Výkon činností obchodníka s cennými papíry v rozsahu povolení uděleném dle zvláštního zákona | C9: Činnost obchodníka s cennými papíry spočívá ve výkonu těchto hlavních investičních služeb: - podle § 4 odst. 2 písm. a) zák. č. 256/2004 Sb., o podnikání na kapitálovém trhu (dále též je „ZPKT“), přijímání a předávání pokynů týkajících se investičních nástrojů, a to ve vztahu k investičním nástrojům uvedeným v § 3 odst. 1 písm. a) až k) ZPKT, - podle § 4 odst. 2 písm. b) ZPKT, provádění pokynů týkajících se investičních nástrojů na účet zákazníka, a to ve vztahu k investičním nástrojům uvedeným v § 3 odst. 1 písm. a) až k) ZPKT, - podle § 4 odst. 2 písm. c) ZPKT, obchodování s investičními nástroji na vlastní účet, a to ve vztahu k investičním nástrojům uvedeným v § 3 odst. 1 písm. a) až k) ZPKT, - podle § 4 odst. 2 písm. d) ZPKT, obhospodařování majetku zákazníka, je-li jeho součástí investiční nástroj, na základě volné úvahy v rámci smluvního ujednání, a to ve vztahu k investičním nástrojům uvedeným v § 3 odst. 1 písm. a) až k) ZPKT, - podle § 4 odst. 2 písm. e) ZPKT, investiční poradenství týkající se investičních nástrojů, a to ve vztahu k investičním nástrojům uvedeným v § 3 odst. 1 písm. a) až k) ZPKT, - podle § 4 odst. 2 písm. g) ZPKT, upisování nebo umisťování investičních nástrojů se závazkem jejich upsání, a to ve vztahu k investičním nástrojům uvedeným v § 3 odst. 1 písm. a) až k) ZPKT, - podle § 4 odst. 2 písm. h) ZPKT, umisťování investičních nástrojů bez závazku jejich upsání, a to ve vztahu k investičním nástrojům uvedeným v § 3 odst. 1 písm. a) až k) ZPKT, a doplňkových investičních služeb: - podle § 4 odst. 3 písm. a) ZPKT, úschova a správa investičních nástrojů včetně souvisejících služeb, a to ve vztahu k investičním nástrojům uvedeným v § 3 odst. 1 písm. a) až k) ZPKT, - podle § 4 odst. 3 písm. b) ZPKT, poskytování úvěru nebo půjčky zákazníkovi za účelem umožnění obchodu s investičním nástrojem, na němž se poskytovatel úvěru nebo půjčky podílí, a to ve vztahu k investičním nástrojům uvedeným v § 3 odst. 1 písm. a) až k) ZPKT, - podle § 4 odst. 3 písm. c) ZPKT, poradenská činnost týkající se struktury kapitálu, průmyslové strategie a s tím souvisejících otázek, jakož i poskytování porad a služeb týkajících se přeměn společností nebo převodů podniků, - podle § 4 odst. 3 písm. d) ZPKT, poskytování investičních doporučení a analýz investičních příležitostí nebo podobných obecných doporučení týkajících se obchodování s investičními nástroji, a to ve vztahu k investičním nástrojům uvedeným v § 3 odst. 1 písm. a) až k) ZPKT, - podle § 4 odst. 3 písm. e) ZPKT, provádění devizových operací souvisejících s poskytováním investičních služeb, - podle § 4 odst. 3 písm. f) ZPKT, služby související s upisováním nebo umisťováním investičních nástrojů, a to ve vztahu k investičním nástrojům uvedeným v § 3 odst. 1 písm. a) až k) ZPKT. | D9: Ve vztahu k povinné osobě Česká národní banka neomezila, resp. nevyloučila výkon nebo poskytování žádných činností.
A10: 2
A11: 3
A12: …

Sheet I. Část 5
A1: I. Část 5
A2: Údaje o finanční situaci povinné osoby
A4: Údaje o finanční situaci povinné osoby | H4: Vyhláška č. 163/2014 Sb., v platném znění, příloha 10
A6: Informace platné k datu: | D6: =Obsah!C4 -> 31.12.2018, data po auditu
A7: (v tis. Kč / v %) | D7: K ultimu vykazovaného období | E7: K ultimu 1. předcházejícího období | F7: K ultimu 2. předcházejícího období | G7: K ultimu 3. předcházejícího období
D8: (4Q/2018) | E8: (3Q/2018) | F8: (2Q/2018) | G8: (1Q/2018)
A9: Kapitálové poměry | B9: Kapitálový poměr pro kmenový kapitál tier 1 | D9: 11.576 | E9: 10.431309 | F9: 10.657 | G9: 14.79 | H9: Bod 5 písm. f)
B10: Kapitálový poměr pro kapitál tier 1 | D10: 11.576 | E10: 10.431309 | F10: 10.657 | G10: 14.79
B11: Kapitálový poměr pro celkový kapitál | D11: 11.576 | E11: 10.431309 | F11: 10.657 | G11: 14.79
A12: Poměrové ukazatele povinné osoby, která je bankou nebo spořitelním a úvěrním družstvem | B12: Rentabilita průměrných aktiv (ROAA) | H12: Bod 5 písm. g)
B13: Rentabilita průměrného kapitálu tier 1 (ROAE)
B14: Aktiva na jednoho pracovníka
B15: Správní náklady na jednoho pracovníka
B16: Zisk nebo ztráta po zdanění na jednoho pracovníka
A17: Poměrové ukazatele povinné osoby, která je obchodníkem s cennými papíry | B17: Zadluženost I (celkový dluh bez majetku klientů/aktiva bez majetku klientů) | D17: 63.81 | E17: 63.478156 | F17: 66.61266 | G17: 53.78 | H17: Bod 5 písm. h)
B18: Zadluženost II (celkový dluh bez majetku klientů/vlastní kapitál) | D18: 176.3 | E18: 173.80874 | F18: 199.51473 | G18: 116.35
B19: Rentabilita průměrných aktiv (ROAA, aktiva bez majetku klientů) | D19: 3.31 | E19: 16.595567 | F19: 16.833842 | G19: 7.82
B20: Rentabilita průměrného kapitálu tier 1 (ROAE) | D20: 52.17 | E20: 62.040611 | F20: 60.802568 | G20: 26.82
B21: Rentabilita tržeb (zisk po zdanění/výnosy z investičních služeb) | D21: 23.02 | E21: 31.512668 | F21: 32.516544 | G21: 15.43
B22: Správní náklady na jednoho pracovníka | D22: 1209.95 | E22: 1149.4899 | F22: 1164.7275 | G22: 1046.76

Sheet I. Část 6
A1: I. Část 6 | B1: Prováděcí nařízení Komise (EU) č. 680/2014 ze dne 16. dubna 2014, kterým se stanoví prováděcí technické normy, pokud jde o podávání zpráv institucí pro účely dohledu podle nařízení Evropského parlamentu a Rady (EU) č.575/2013, v platném znění
A2: Rozvaha povinné osoby podle výkazů předkládaných České národní bance
A4: Údaje o finanční situaci povinné osoby | G4: Vyhláška č. 163/2014 Sb., v platném znění, příloha 10
A6: Informace platné k datu: | D6: =Obsah!C4 -> 31.12.2018, data po auditu
A7: Čtvrtletní rozvaha povinné osoby (v tis.Kč) | D7: K ultimu vykazovaného období | E7: K ultimu 1. předcházejícího období | F7: K ultimu 2. předcházejícího období | G7: K ultimu 3. předcházejícího období
D8: (4Q/2018) | E8: (3Q/2018) | F8: (2Q/2018) | G8: (1Q/2018)
A9: Aktiva celkem | D9: 799535 | E9: 691261.77 | F9: 812746.45 | G9: 790983.22
A10: Pokladní hotovost, hotovost u centrálních bank a ostatní vklady splatné na požádání | D10: 454134.75 | E10: 454446.17 | F10: 577581.28 | G10: 526159.4
A11: Pokladní hotovost | D11: 170.33136 | E11: 182.52528 | F11: 203.21235 | G11: 245.57437
A12: Hotovost u centrálních bank
A13: Ostatní vklady splatné na požádání | D13: 453965 | E13: 454263.65 | F13: 577378.07 | G13: 525913.83
A14: Finanční aktiva k obchodování | D14: =D15+D16+D17 -> 27678.373 | E14: 30132.935 | F14: 43840.644 | G14: 26108.074
A15: Deriváty k obchodování | D15: 8520 | E15: 7500 | F15: 20925.841 | G15: 1882.4124
A16: Kapitálové nástroje k obchodování | D16: 8782.7895 | E16: 8888.0097 | F16: 8825.8162 | G16: 9846.7647
A17: Dluhové cenné papíry k obchodování | D17: 10375.583 | E17: 13744.926 | F17: 14088.987 | G17: 14378.897
A18: Úvěry a pohledávky k obchodování
A19: Finanční aktiva jiná než k obchodování povinně v reálné hodnotě vykázané do zisku nebo ztráty
A20: Kapitálové nástroje povinně v reálné hodnotě vykázané do zisku nebo ztráty
A21: Dluhové cenné papíry povinně v reálné hodnotě vykázané do zisku nebo ztráty
A22: Úvěry a pohledávky povinně v reálné hodnotě vykázané do zisku nebo ztráty
A23: Finanční aktiva v reálné hodnotě vykázané do zisku nebo ztráty
A24: Dluhové cenné papíry v reálné hodnotě vykázané do zisku nebo ztráty
A25: Úvěry a pohledávky v reálné hodnotě vykázané do zisku nebo ztráty
A26: Finanční aktiva v reálné hodnotě vykázané do úplného výsledku hospodaření
A27: Kapitálové nástroje v reálné hodnotě vykázané do OCI
A28: Dluhové cenné papíry v reálné hodnotě vykázané do OCI
A29: Úvěry a pohledávky v reálné hodnotě vykázané do OCI
A30: Finanční aktiva v naběhlé hodnotě | D30: 26368 | E30: 24678.416 | F30: 14683.557 | G30: 16433.144
A31: Dluhové cenné papíry v naběhlé hodnotě
A32: Úvěry a pohledávky v naběhlé hodnotě | D32: 26368 | E32: 24678.416 | F32: 14683.557 | G32: 16433.144
A33: Zajišťovací deriváty
A34: Změny reálné hodnoty portfolia zajišťovaných nástrojů
A35: Účasti v dceřiných, společných a přidružených podnicích | D35: 50
A36: Hmotný majetek | D36: 25.332 | E36: 26.403 | F36: 27.474 | G36: 28.545
A37: Pozemky, budovy a zařízení | D37: 25.332 | E37: 26.403 | F37: 27.474 | G37: 28.545
A38: Investiční nemovitosti
A39: Nehmotný majetek | D39: 214.35591 | E39: 136.79541 | F39: 149.22741 | G39: 161.65941
A40: Goodwill
A41: Ostatní nehmotný majetek | D41: 214.35591 | E41: 136.79541 | F41: 149.22741 | G41: 161.65941
A42: Daňové pohledávky
A43: Pohledávky ze splatné daně
A44: Pohledávky z odložené daně
A45: Ostatní aktiva | D45: 291064 | E45: 181841.05 | F45: 176464.27 | G45: 222092.4
A46: Neoběžná aktiva a vyřazované skupiny určené k prodeji
A47: Závazky a vlastní kapitál v základním členění | D47: K ultimu vykazovaného období | E47: K ultimu 1. předcházejícího období | F47: K ultimu 2. předcházejícího období | G47: K ultimu 3. předcházejícího období
A48: Závazky a vlastní kapitál celkem | D48: 799535 | E48: 691261.77 | F48: 812746.45 | G48: 790983.22
A49: Závazky celkem | D49: =D50+D60+D77+D66 -> 722044.77 | E49: 613528.26 | F49: 743611.18 | G49: 691492.42
A50: Finanční závazky k obchodování | D50: 2852 | E50: 16395.739 | F50: 21172.014 | G50: 1796.041
A51: Deriváty k obchodování | D51: 2852 | E51: 16395.739 | F51: 21172.014 | G51: 1796.041
A52: Závazky z krátkých prodejů
A53: Vklady k obchodování
A54: Emitované dluhové CP k obchodování
A55: Ostatní finanční závazky k obchodování
A56: Finanční závazky v reálné hodnotě vykázané do zisku nebo ztráty
A57: Vklady v reálné hodnotě vykázané do zisku nebo ztráty
A58: Emitované dluhové CP v reálné hodnotě vykázané do zisku nebo ztráty
A59: Ostatní fin.závazky v reálné hodnotě vykázané do zisku nebo ztráty
A60: Finanční závazky v naběhlé hodnotě | D60: =D62+D63 -> 671130.8 | E60: 562170.56 | F60: 689518.33 | G60: 658281.49
A61: Vklady v naběhlé hodnotě | D61: 0.0605
A62: Emitované dluhové cenné papíry v naběhlé hodnotě | D62: 85698.207 | E62: 83666.48 | F62: 83758.737 | G62: 82458.737
A63: Ostatní finanční závazky v naběhlé hodnotě | D63: 585432.59 | E63: 478504.08 | F63: 605759.6 | G63: 575822.75
A64: Zajišťovací deriváty
A65: Změny reálné hodnoty portfolia zajišťovaných nástrojů
A66: Rezervy | D66: 6951.9698 | E66: 4934.246 | F66: 4934.246 | G66: 3778.8677
A67: Rezervy na penze a ostatní definované požitky
A68: Rezervy na ostatní dlouhodobé zaměstnanecké požitky
A69: Rezervy na restrukturalizaci
A70: Rezervy na právní problémy a daňové spory | D70: 6951.9698 | E70: 4934.246 | F70: 4934.246 | G70: 3778.8677
A71: Rezervy na poskytnuté přísliby a záruky
A72: Ostatní rezervy
A73: Daňové závazky
A74: Závazky ze splatné daně
A75: Závazky z odložené daně
A76: Základní kapitál splatný na požádání
A77: Ostatní závazky | D77: =39970+1140 -> 41110 | E77: 30027.712 | F77: 27986.59 | G77: 27636.025
A78: Závazky spojené s vyřazovanými skupinami určenými k prodeji
A79: Vlastní kapitál celkem | D79: 77489.296 | E79: 77733.513 | F79: 69135.27 | G79: 99490.801
A80: Základní kapitál | D80: 20020 | E80: 20020 | F80: 20020 | G80: 20020
A81: Splacený základní kapitál | D81: 20020 | E81: 20020 | F81: 20020 | G81: 20020
A82: Nesplacený základní kapitál
A83: Emisní ážio | D83: 171.65998 | E83: 171.65998 | F83: 171.65998 | G83: 171.65998
A84: Vydané kapitálové nástroje jiné než základní kapitál
A85: Kapitálová složka finančních nástrojů
A86: Ostatní vydané kapitálové nástroje
A87: Ostatní vlastní kapitál
A88: Kumulovaný ostatní úplný výsledek hospodaření (OCI)
A89: OCI z položek, které se nereklasifikují do zisku nebo ztráty
A90: OCI z hmotného majetku
A91: OCI z nehmotného majetku
A92: OCI z penzijních plánů
A93: OCI z neoběžných aktiv a ukončovaných skupin určených k prodeji, které se nereklasifikují do Z/Z
A94: OCI z podílu na OCI dceřiných, společných a přidružených podniků, které se nereklasifikují do Z/Z
A95: Změna RH kapitálových nástrojů vykázaných v RH do OCI
... A107: OCI z podílu na OCI dceřiných, společných a přidružených podniků, které se reklasifikují do Z/Z
A108: Nerozdělený zisk nebo neuhrazená ztráta z předchozích období | D108: 26939.562 | E108: 26939.562 | F108: 26939.562 | G108: 71119.562
A109: Rozdíly z ocenění
A110: Rezervní fondy | D110: 3894.3886 | E110: 3894.3886 | F110: 3894.3886 | G110: 3894.3886
A111: Podíl na změnách rezervních fondů, nerozděleného zisku a neuhrazené ztráty v dceřiných, společných a přidružených podnicích
A112: Ostatní rezervní fondy | D112: 3894.3886 | E112: 3894.3886 | F112: 3894.3886 | G112: 3894.3886
A113: (-) Vlastní akcie
...

Sheet I. Část 7
A1: I. Část 7 | C1: Prováděcí nařízení Komise (EU) č. 680/2014 ze dne 16. dubna 2014, kterým se stanoví prováděcí technické normy, pokud jde o podávání zpráv institucí pro účely dohledu podle nařízení Evropského parlamentu a Rady (EU) č.575/2013, v platném znění
A2: Výkaz zisku nebo ztráty povinné osoby podle výkazů předkládaných České národní bance
A4: Údaje o finanční situaci povinné osoby | H4: Vyhláška č. 163/2014 Sb., v platném znění, příloha 10
A6: Informace platné k datu: | D6: =Obsah!C4 -> 31.12.2018, data po auditu
A7: Čtvrtletní výkaz zisku nebo ztráty povinné osoby (v tis.Kč) | D7: K ultimu vykazovaného období | E7: K ultimu 1. předcházejícího období | F7: K ultimu 2. předcházejícího období | G7: K ultimu 3. předcházejícího období | H7: Bod 5 písm. b)
D8: (4Q/2018) | E8: (3Q/2018) | F8: (2Q/2018) | G8: (1Q/2018)
A9: Úrokové výnosy | D9: 3824 | E9: 2058.7009 | F9: 1321.5568 | G9: 516.07263
A10: Úroky z finančních aktiv k obchodování
A11: Úroky z finančních aktiv jiných než k obchodování povinně v RH vykázané do zisku nebo ztráty
A12: Úroky z finančních aktiv v reálné hodnotě vykázané do zisku nebo ztráty
A13: Úroky z finančních aktiv v reálné hodnotě vykázané do OCI
A14: Úroky z finančních aktiv v naběhlé hodnotě | D14: 3824 | E14: 2058.7009 | F14: 1321.5568 | G14: 516.07263
A15: Zisk ze zajišťovacích úrokových derivátů
A16: Úroky z ostatních aktiv | D16: 0
A17: Úroky ze závazků
A18: Úrokové náklady | D18: 3559 | E18: 2656.9168 | F18: 1728.5033 | G18: 189.53562
A19: Úroky na finanční závazky k obchodování
A20: Úroky na finanční závazky v reálné hodnotě vykázané do zisku nebo ztráty
A21: Úroky na finanční závazky v naběhlé hodnotě | D21: 3559 | E21: 2656.9168 | F21: 1728.5033 | G21: 189.53562
A22: Ztráta ze zajišťovacích úrokových derivátů
A23: Úroky na ostatní závazky | D23: 0
A24: Úroky na aktiva
A25: Náklady na základní kapitál splatný na požádání
A26: Výnosy z dividend | D26: 987.11543 | E26: 693.61543 | F26: 493.86543 | G26: 200.36543
A27: Výnosy z dividend z finančních aktiv k obchodování | D27: 987.11543 | E27: 693.61543 | F27: 493.86543 | G27: 200.36543
A28: Výnosy z dividend z finančních aktiv jiných než k obchodování povinně v RH vykázané do zisku nebo ztráty
A29: Výnosy z dividend z finančních aktiv v reálné hodnotě vykázané do OCI
A30: Výnosy z dividend z účastí v dceřiných, společných a přidružených podnicích neoceňovaných metodou ekvivalence
A31: Výnosy z poplatků a provizí | D31: 114966.16 | E31: 84752.907 | F31: 55693.676 | G31: 27764.367
A32: Náklady na poplatky a provize | D32: 37790 | E32: 22133.255 | F32: 13453.961 | G32: 4903.3577
A33: Zisk nebo (-) ztráta z odúčtování finančních aktiv a závazků nevykázaných v RH do Z/Z
A34: Zisk nebo (-) ztráta z finančních aktiv v reálné hodnotě vykázané do OCI
A35: Zisk nebo (-) ztráta z finančních aktiv v naběhlé hodnotě
A36: Zisk nebo (-) ztráta z finančních závazků v naběhlé hodnotě
A37: Zisk nebo (-) ztráta z ostatních finančních závazků
A38: Zisk nebo (-) ztráta z finančních aktiv a závazků k obchodování | D38: -11473 | E38: -10133.108 | F38: -7007.3332 | G38: -4216.3316
A39: Zisk nebo (-) ztráta z finančních aktiv neurčených k obchodování povinně v RH vykázané do zisku nebo ztráty
A40: Zisk nebo (-) ztráta z finančních aktiv a závazků v RH vykázané do zisku nebo ztráty
A41: Zisk nebo (-) ztráta ze zajišťovacího účetnictví
A42: Kurzové rozdíly - zisk nebo (-) ztráta | D42: 1950.6419 | E42: 1227.6416 | F42: 1800.7221 | G42: -1355.1412
A43: Zisk nebo (-) ztráta z odúčtování nefinančních aktiv
A44: Ostatní provozní výnosy | D44: 88642.828 | E44: 58382.562 | F44: 39600.051 | G44: 15690.002
A45: Ostatní provozní náklady | D45: 12512 | E45: 9286.2042 | F45: 6764.443 | G45: 3302.5047
A46: Zisk nebo (-) ztráta z provozní činnosti | D46: 143086.27 | E46: 102905.94 | F46: 69955.631 | G46: 30203.936
A47: Správní náklady | D47: 105266.09 | E47: 75004.215 | F47: 50665.648 | G47: 25907.303
A48: Náklady na zaměstnance | D48: 45640 | E48: 33940.278 | F48: 23061.084 | G48: 11969.59
A49: Ostatní správní náklady | D49: 59626 | E49: 41063.936 | F49: 27604.564 | G49: 13937.713
A50: Odpisy | D50: 51.951 | E50: 38.449 | F50: 24.946 | G50: 11.443
A51: Odpisy pozemků, budov a zařízení | D51: 4.283 | E51: 3.213 | F51: 2.142 | G51: 1.071
A52: Odpisy investic do nemovitostí
A53: Odpisy nehmotného majetku | D53: 47.668 | E53: 35.236 | F53: 22.804 | G53: 10.372
A54: Zisk nebo (-) ztráta z modifikace
A55: Zisk nebo (-) ztráta z modifikace finančních aktiv v RH vykázané do OCI
A56: Zisk nebo (-) ztráta z modifikace finančních aktiv v naběhlé hodnotě
A57: Tvorba rezerv nebo jejich (-) reverzování | D57: 3173.1021 | E57: 1155.3783 | F57: 1155.3783
A58: Rezervy na poskytnuté přísliby a záruky nebo jejich (-) reverzování
A59: Ostatní rezervy nebo jejich (-) reverzování | D59: 3173.1021 | E59: 1155.3783 | F59: 1155.3783
A60: Ztráty ze znehodnocení finan.aktiv nevykázaných v RH do Z/Z nebo jejich (-) reverzování | D60: -98
A61: Ztráty ze znehodnocení finan.aktiv v RH vykázané do OCI nebo jejich (-) reverzování
A62: Ztráty ze znehodnocení finan.aktiv v naběhlé hodnotě nebo jejich (-) reverzování | D62: -98
A63: Ztráty ze znehodnocení investic v dceřiných, společných a přidružených podnicích nebo jejich (-) reverzování
A64: Ztráty ze znehodnocení nefinančních aktiv nebo jejich (-) reverzování
A65: Ztráty ze znehodnocení pozemků, budov a zařízení nebo jejich (-) reverzování
A66: Ztráty ze znehodnocení z investic do nemovitostí nebo jejich (-) reverzování
A67: Ztráty ze znehodnocení goodwillu nebo jejich (-) reverzování
A68: Ztráty ze znehodnocení nehmotného majetku nebo jejich (-) reverzování
A69: Ztráty ze znehodnocení ostatních nefinančních aktiv nebo jejich (-) reverzování
A70: Negativní goodwill účtovaný do výkazu zisku nebo ztráty
A71: Podíl na zisku nebo (-) ztrátě dceřiných, společných a přidružených podniků oceňovaných metodou ekvivalence
A72: Zisk nebo (-) ztráta z neoběžných aktiv a vyřazovaných skupin
A73: Zisk nebo (-) ztráta z pokračujících činností před zdaněním | D73: 34692.585 | E73: 26707.902 | F73: 18109.659 | G73: 4285.1898
A74: Náklady nebo (-) výnosy na daň z příjmů z pokračujících činností | D74: 8228.9
A75: Zisk nebo (-) ztráta z pokračujících činností po zdanění | D75: 26463.685 | E75: 26707.902 | F75: 18109.659 | G75: 4285.1898
A76: Zisk nebo (-) ztráta z ukončovaných činností po zdanění
A77: Zisk nebo (-) ztráta z ukončovaných činností před zdaněním
A78: Náklady nebo (-) výnosy na daň z příjmů z ukončovaných činností
A79: Zisk nebo (-) ztráta běžného roku po zdanění | D79: 26463.685 | E79: 26707.902 | F79: 18109.659 | G79: 4285.1898
A80: Menšinové podíly na zisku nebo (-) ztrátě
A81: Zisk nebo (-) ztráta mateřského podniku bez menšinových podílů

Sheet II. Část 1
A1: II. Část 1
A2: Obsah údajů o majetkoprávních vztazích mezi členy konsolidačního celku a řídicím a kontrolním systému I
A3: Tuto část uveřejňují pouze povinné osoby, kterým jsou stanoveny povinnosti na konsolidovaném základě.
A4: Údaje o osobách, které jsou ve vztahu k povinné osobě v úzkém propojení | E4: Vyhláška č. 163/2014 Sb., v platném znění, příloha 11
A6: Informace platné k datu: | D6: =Obsah!C4 -> 31.12.2018, data po auditu
A7: Obchodní firma | D7: CYRRUS GROUP, SE | E7: Bod 1 písm. a)
A8: Právní forma | D8: Evropská společnost
A9: Adresa sídla | D9: Veveří 3163/111, Žabovřesky, 616 00 Brno
A10: Identifikační číslo povinné osoby, je-li přiděleno | D10: 29416736
A11: Odvětvová klasifikace ekonomických činností | D11: 68.2
A12: Stručné shrnutí hlavních činností | E12: Bod 1 písm. b)
A13: Pronájem nemovitostí, bytů a nebytových prostor
E14: Bod 1 písm. b)
A25: Klasifikace úzkého propojení vyjádřená písmeny a), b) nebo c) podle článku 4 odst. 1 bodu 38 nařízení (EU) č. 575/2013 | E25: Bod 1 písm. c)
A26: a)
A28: Obchodní firma | D28: CYRRUS MARKETING, s.r.o. | E28: Bod 1 písm. a)
A29: Právní forma | D29: Společnost s ručením omezeným
A30: Adresa sídla | D30: Veveří 3163/111, Žabovřesky, 616 00 Brno
A31: Identifikační číslo povinné osoby, je-li přiděleno | D31: 3191931
A32: Odvětvová klasifikace ekonomických činností | D32: 73.11
A33: Stručné shrnutí hlavních činností | E33: Bod 1 písm. b)
A34: Výroba, obchod a služby neuvedené v přílohách 1 až 3 živnostenského zákona
A35: Klasifikace úzkého propojení vyjádřená písmeny a), b) nebo c) podle článku 4 odst. 1 bodu 38 nařízení č. 575/2013/EU | E35: Bod 1 písm. c)
A36: a)
A38: Obchodní firma | D38: CYRRUS CORPORATE FINANCE, a.s. | E38: Bod 1 písm. a)
A39: Právní forma | D39: Akciová společnost
A40: Adresa sídla | D40: Veveří 3163/111, Žabovřesky, 616 00 Brno
A41: Identifikační číslo povinné osoby, je-li přiděleno | D41: 27758419
A42: Odvětvová klasifikace ekonomických činností | D42: 66.12
A43: Stručné shrnutí hlavních činností | E43: Bod 1 písm. b)
A44: výkon činnosti obchodníka s cennými papíry v rozsahu povolení uděleného podle zvláštního zákona
A45: Klasifikace úzkého propojení vyjádřená písmeny a), b) nebo c) podle článku 4 odst. 1 bodu 38 nařízení č. 575/2013/EU | E45: Bod 1 písm. c)
A46: a)
A48: Obchodní firma | D48: CYRRUS FX, a. s. | E48: Bod 1 písm. a)
A49: Právní forma | D49: Akciová společnost
A50: Adresa sídla | D50: Radlická 3201/14, Smíchov, 150 00 Praha 5
A51: Identifikační číslo povinné osoby, je-li přiděleno | D51: 28880293
A52: Odvětvová klasifikace ekonomických činností | D52: 64.10
A53: Stručné shrnutí hlavních činností | E53: Bod 1 písm. b)
A54: Poskytování platebních služeb - nákup, prodej a konverze devizových prostředků, provádění bezhotovostních plateb a inkasa peněžních prostředků; směnárenská činnost; pronájem nemovitostí, bytů a nebytových prostor
A55: Klasifikace úzkého propojení vyjádřená písmeny a), b) nebo c) podle článku 4 odst. 1 bodu 38 nařízení č. 575/2013/EU | E55: Bod 1 písm. c)
A56: a)
A58: Obchodní firma | D58: CYRRUS ADVISORY, a.s. | E58: Bod 1 písm. a)
A59: Právní forma | D59: Akciová společnost
A60: Adresa sídla | D60: Brno, Veveří 3163/111, PSČ 61600
A61: Identifikační číslo povinné osoby, je-li přiděleno | D61: 29296943
A62: Odvětvová klasifikace ekonomických činností | D62: 70.22
A63: Stručné shrnutí hlavních činností | E63: Bod 1 písm. b)
A64: výroba, obchod a služby neuvedené v přílohách 1 až 3 živnostenského zákona.
A65: Klasifikace úzkého propojení vyjádřená písmeny a), b) nebo c) podle článku 4 odst. 1 bodu 38 nařízení č. 575/2013/EU | E65: Bod 1 písm. c)
A66: a)
A68: Obchodní firma | D68: CYRRUS INVEST, s. r. o. | E68: Bod 1 písm. a)
A69: Právní forma | D69: Společnost s ručením omezeným
A70: Adresa sídla | D70: Brno, Veveří 3163/111, PSČ 61600
A71: Identifikační číslo povinné osoby, je-li přiděleno | D71: 05262160
A72: Odvětvová klasifikace ekonomických činností | D72: 70.22
A73: Stručné shrnutí hlavních činností | E73: Bod 1 písm. b)
A74: výroba, obchod a služby neuvedené v přílohách 1 až 3 živnostenského zákona.
A75: Klasifikace úzkého propojení vyjádřená písmeny a), b) nebo c) podle článku 4 odst. 1 bodu 38 nařízení č. 575/2013/EU | E75: Bod 1 písm. c)
A76: a)

Sheet II. Část 2
A1: II. Část 2
A2: Obsah údajů o majetkoprávních vztazích mezi členy konsolidačního celku a řídicím a kontrolním systému II
A3: Tuto část uveřejňují pouze povinné osoby, kterým jsou stanoveny povinnosti na konsolidovaném základě.
A4: Údaje o řídicím a kontrolním systému | E4: Vyhláška č. 163/2014 Sb., v platném znění, příloha 11
A6: Informace platné k datu: | D6: =Obsah!C4 -> 31.12.2018, data po auditu
A7: Stručné shrnutí uspořádání, zásad a postupů správy a řízení | E7: Bod 2 písm. a)
A8: Činnost společnosti řídí v souladu se zákonem představenstvo, které je jejím statutárním orgánem. Řídící a výkonnou pravomoc představenstvo svěřuje řediteli společnosti, který ji vykonává v rozsahu a způsobem vyplývajícím ze stanov společnosti a případně dalších vnitřních předpisů. Ředitel společnosti je oprávněn část svých pravomocí dále delegovat na jemu podřízené vedoucí nebo samostatné zaměstnance, a to v přesně vymezeném rozsahu.
A9: Stručné shrnutí uspořádání, zásad a postupů systému řízení rizik | E9: Bod 2 písm. b)
A10: Společnost užívá ucelený systém postupů a opatření pro rozpoznávání rizik. Základními technikami pro identifikaci rizik jsou: - brainstorming (skupinová diskuse směřující k nalezení podnětů, zjištění silných a slabých stránek a souvisejících rizik), - simulace a beta testování mimo ostrý provoz, - analýza možných scénářů, - vyšetřování incidentů a přijímání adekvátních opatření, - audity a vnější kontroly (ČNB, BCPP, ČAOCP).
A11: Řízení rizik je v kompetenci představenstva společnosti CYRRUS, a.s. (dále též „společnost“), které: - stanovuje obchodní strategii společnosti - schvaluje a pravidelně vyhodnocuje strategie a zásady pro řízení rizik zahrnující zejména sledování a snižování rizik, kterým je nebo může být společnost vystavena - určuje toleranci společnosti k riziku - zabezpečuje identifikaci rizik - určuje alokaci kapitálu - vydává vnitřní předpisy společnosti - pověřuje vedoucí pracovníky jednotlivých úseků. | E11: Bod 2 písm. b)
A12: Stručné shrnutí uspořádání, zásad a postupů systému vnitřní kontroly | E12: Bod 2 písm. c)
A13: Vnitřní kontrolu ve společnosti provádějí: a) představenstvo společnosti; b) pracovníci společnosti v rámci plnění svých pracovních povinností; c) vedoucí pracovníci společnosti v rámci oprávnění a povinností svěřených jim zaměstnavatelem (tzv. manažerská kontrola); d) compliance officer; e) interní auditor; f) dozorčí rada.
A14: Vnitřní kontrola představuje nástroj řízení na všech úrovních: • je prováděna všemi zaměstnanci společnosti v rámci pracovního zařazení v organizační struktuře jako denní součást pracovních činností • vnitřní kontroly provází pracovní proces s cílem zabránit chybám a nesrovnalostem, resp. je odhalit. • musí být vykonávána soustavně, aby výchovně působila na zvyšování vědomí odpovědnosti zaměstnanců společnosti tak, aby průběžně, pohotově a neprodleně umožňovala odstraňování příčin nedostatků a zabraňovala jejich opakování. • musí být prováděna cílevědomě, plánovitě a koordinovaně • výstupy slouží ke zlepšení procesů řízení rizik, přijetí opatření k odstranění nedostatků a zamezení opakování nedostatku | E14: Bod 2 písm. c)
A15: Stručné shrnutí přístupu k zajišťování důvěryhodnosti, odborné způsobilosti a zkušenosti členů vedoucího orgánu, osob ve vrcholném vedení a osob v klíčových funkcích | E15: Bod 2 písm. d)
A16: V souladu s právními předpisy upravující podnikání na kapitálovém trhu a požadavky společnosti musejí osoby pověřené činností související nebo navazující na poskytování investičních služeb splňovat následující kvalifikační předpoklady: Pracovník BO: ÚSO s maturitou Risk manager: VŠ, mag. stupeň ekonomie nebo matematika Compliance: VŠ, mag. stupeň právního směru IA: VŠ právního nebo ekonom. směru
E17: Bod 2 písm. d)
A32: Stručné shrnutí přístupu k ověřování a hodnocení účinnosti, ucelenosti a přiměřenosti řídicího a kontrolního systému | E32: Bod 2 písm. e)
A33: Risk manažer je povinen vždy po mimořádné události v oblasti řízení rizik (výrazné překročení limitů ap.), nejméně však jednou ročně vyhodnotit metody a efektivnost řízení rizik ve společnosti a již dříve přijatá nápravná opatření v rámci řízení rizik. Výsledkem hodnocení je zpráva o řízení rizik za uplynulý kalendářní rok. Zpráva musí být zpracována a předložena představenstvu a Výboru pro řízení rizik. Případné návrhy změn v systému řízení rizik projedná předseda představenstva s příslušnými vedoucími pracovníky.
E34: Bod 2 písm. e)

Sheet II. Část 3
A1: II. Část 3
A2: Obsah údajů o majetkoprávních vztazích mezi členy konsolidačního celku a řídicím a kontrolním systému III
A3: Tuto část uveřejňují pouze povinné osoby, kterým jsou stanoveny povinnosti na konsolidovaném základě.
A4: Údaje o výborech zřízených povinnou osobou | E4: Vyhláška č.163/2014 Sb., příloha 11 | G4: Údaje o výborech zřízených povinnou osobou | K4: Vyhláška č.163/2014 Sb., příloha 11
A6: Informace platné k datu: | D6: =Obsah!C4 -> 31.12.2018, data po auditu | G6: Informace platné k datu: | J6: =D6 -> 31.12.2018, data po auditu
A7: Označení výboru | C7: Výbor pro řízení rizik | E7: Bod 3 písm. a) | G7: Označení výboru | I7: Výbor pro audit | K7: Bod 3 písm. a)
A8: Stručné shrnutí působnosti, pravomoci, způsobu jednání a rozhodování a začlenění výboru do organizačního uspořádání a informačních toků povinné osoby | E8: Bod 3 písm. b) | G8: Stručné shrnutí působnosti, pravomoci, způsobu jednání a rozhodování a začlenění výboru do organizačního uspořádání a informačních toků povinné osoby | K8: Bod 3 písm. b)
A9: Výbor pro řízení rizik je kolektivní orgán zřízený představenstvem společnosti, aby operativně diskutoval, definoval a vyhodnocoval uplatňovanou strategii řízení rizik a vnitřní kontroly. Výbor projednává, hodnotí a kontroluje: - strategii a metody řízení rizik, - tržní a úvěrová rizika, - kapitálovou přiměřenost a angažovanost, - řízení likvidity, - risk limity, - řešení operačních rizik, - regulatorní rizika, - a další problematiku spojenou s řízením rizik. | G9: Výbor pro audit zejména - sleduje postup sestavování účetní závěrky a konsolidované účetní závěrky, - sleduje účinnost vnitřní kontroly společnosti, systému řízení rizik a vnitřního auditu, je-li funkce vnitřního auditu zřízena, - sleduje proces povinného auditu účetní závěrky a konsolidované účetní závěrky, - posuzuje nezávislost statutárního auditora a auditorské společnosti a zejména poskytování doplňkových služeb auditované osobě, - doporučuje auditora kontrolnímu orgánu s tím, že toto doporučení řádně odůvodní.
A10: Rozhodnutí výboru jsou pro účastníky a ostatní zaměstnance závazné a tito je musí aplikovat ve svých útvarech. Výbor pro řízení rizik se schází zpravidla jedenkrát za měsíc. | G10: Funkci výboru pro audit vykonává Dozorčí rada společnosti.
A11: Jednání výboru se musí zúčastnit minimálně 4 členové. Každý člen výboru má jeden hlas, v případě rovnosti hlasů rozhoduje hlas předsedy nebo jeho zástupce. Jednání výboru se mohou zúčastnit i přizvaní hosté, tito však nemají hlasovací právo.
A12: … | G12: …
A13: … | G13: …
E14: Bod 3 písm. b) | K14: Bod 3 písm. b)
A30: Údaje o členech jednotlivých výborů | E30: Bod 3 písm. c) | G30: Údaje o členech jednotlivých výborů | K30: Bod 3 písm. c)
A31: Jméno a příjmení, včetně titulů | D31: Ing. Marek Hatlapatka | G31: Jméno a příjmení, včetně titulů | J31: Ing. Michal Beran
A32: Označení výboru, funkce, datum, od kdy osoba příslušnou funkci člena výboru vykonává | C32: Označení výboru | D32: Výbor pro řízení rizik | G32: Označení výboru, funkce, datum, od kdy osoba příslušnou funkci člena výboru vykonává | I32: Označení výboru | J32: Výbor pro audit
C33: Funkce | D33: Předseda | I33: Funkce | J33: Předseda
C34: Datum počátku výkonu funkce | D34: 43160 | I34: Datum počátku výkonu funkce | J34: 37503
A35: Dosavadní zkušenosti a kvalifikační předpoklady pro výkon funkce člena výboru | G35: Dosavadní zkušenosti a kvalifikační předpoklady pro výkon funkce člena výboru
A36: Od 01/2018 | B36: CYRRUS, a.s. - ředitel společnosti | G36: Od 03/2011 | H36: CYRRUS, a.s. – project manager informačního a obchodního systému
A37: 01/2013 – 12/2017 | B37: CYRRUS, a.s. - hlavní Investiční stratég | G37: 05/2000 – 03/2011 | H37: CYRRUS, a.s. – vedoucí Back Office
A38: 01/2008 – 12/2012 | B38: CYRRUS, a.s. - vedoucí analytického oddělení | G38: 06/1999 – 05/2000 | H38: HM ORGA Heydorn - Programátor analytik
A39: 01/2006 – 12/2007 | B39: CYRRUS, a.s. - akciový analytik | G39: 01/1999 – 05/1999 | H39: Veletržní finanční, a.s. - pracovník back-office a správce sítě
G40: 1996 –1998 | H40: INVEST EKOS, s.r.o. - pracovník back-office a správce sítě
G41: 1995 – 1996 | H41: BVV INVEST investiční společnost, a.s. - pracovník back-office a správce sítě
A42: Vzdělání: VŠB-TU, Ekonomická fakulta, obor Eurospráva. | G42: 1994 – 1995 | H42: UNIS Brno, a.s. - Programátor analytik
G44: Vzdělání: VUT Brno, Fakulta elektrotechnická, obor Informatika a výpočetní technika.
A57: Členství člena výboru v orgánech povinné osoby nebo jiných právnických osob | G57: Členství člena výboru v orgánech povinné osoby nebo jiných právnických osob
A58: Jméno a příjmení, včetně titulů | D58: Ing. Marek Hatlapatka | G58: Jméno a příjmení, včetně titulů | J58: Ing. Michal Beran
A59: Název právnické osoby, označení orgánu a v něm vykonávané funkce | C59: Název právnické osoby | D59: CYRRUS, a.s. | G59: Název právnické osoby, označení orgánu a v něm vykonávané funkce | I59: Název právnické osoby | J59: CYRRUS, a.s.
C60: Orgán | D60: Představenstvo | I60: Orgán | J60: Dozorčí rada
C61: Funkce | D61: Předseda představenstva | I61: Funkce | J61: Předseda dozorčí rady
A63: Údaje o členech jednotlivých výborů | E63: Bod 3 písm. c) | G63: Údaje o členech jednotlivých výborů | K63: Bod 3 písm. c)
A64: Jméno a příjmení, včetně titulů | D64: Ing. Jiří Loubal, MBA | G64: Jméno a příjmení, včetně titulů | J64: Bc. Martin Kozumplík
A65: Označení výboru, funkce, datum, od kdy osoba příslušnou funkci člena výboru vykonává | C65: Označení výboru | D65: Výbor pro řízení rizik | G65: Označení výboru, funkce, datum, od kdy osoba příslušnou funkci člena výboru vykonává | I65: Označení výboru | J65: Výbor pro audit
C66: Funkce | D66: Místopředseda | I66: Funkce | J66: Člen výboru
C67: Datum počátku výkonu funkce | D67: 40909 | I67: Datum počátku výkonu funkce | J67: 40909
A68: Dosavadní zkušenosti a kvalifikační předpoklady pro výkon funkce člena výboru | G68: Dosavadní zkušenosti a kvalifikační předpoklady pro výkon funkce člena výboru
A69: Od 01/2018 | B69: CYRRUS, a.s. – místopředseda představenstva | G69: Od 09/2002 | H69: CYRRUS, a.s. – předseda představenstva
A70: 09/2002 - 12/2017 | B70: CYRRUS, a.s. – ředitel společnosti | G70: 01/1998 – 09/2002 | H70: CYRRUS, s.r.o. – hlavní makléř
A71: 01/2001 – 12/2001 | B71: Minolta, s.r.o. - asistent ředitele přímého prodeje | G71: 08/1994 – 12/1997 | H71: EFEKTA Consulting, a.s. – hlavní makléř
A72: 06/1994 – 06/2000 | B72: INFIN, s.r.o., obchodník s cennými papíry - jednatel a hlavní makléř společnosti | G72: 11/1993 – 08/1994 | H72: Efekta a.s., Liberec – vedoucí oddělení obchodování s cennými papíry, pobočka Brno
A73: 07/1993 – 05/1994 | B73: Agrobanka Praha, a.s., Filiálka Brno - úvěrový referent | G73: 01/1993 – 11/1993 | H73: Efekta, spol. s r.o. – pracovník pro styk s klienty
A75: Vzdělání: Makléřská licence I., II., VUT Brno, katedra ekon. a řízení strojírenské výroby. | G75: Vzdělání: Makléřská licence I., II, III., Ekonomicko správní fakulta Masarykovy University, obor Obchodní podnikání.
A90: Členství člena výboru v orgánech povinné osoby nebo jiných právnických osob | G90: Členství člena výboru v orgánech povinné osoby nebo jiných právnických osob
A91: Jméno a příjmení, včetně titulů | D91: Ing. Jiří Loubal, MBA | G91: Jméno a příjmení, včetně titulů | J91: Bc. Martin Kozumplík
A92: Název právnické osoby, označení orgánu a v něm vykonávané funkce | C92: Název právnické osoby | D92: CYRRUS, a.s. | G92: Název právnické osoby, označení orgánu a v něm vykonávané funkce | I92: Název právnické osoby | J92: CYRRUS CORPORATE FINANCE, a.s.
C93: Orgán | D93: Představenstvo | I93: Orgán | J93: Dozorčí rada
C94: Funkce | D94: Místopředseda představenstva | I94: Funkce | J94: Předseda dozorčí rady
G95: Členství člena výboru v orgánech povinné osoby nebo jiných právnických osob
A96: Členství člena výboru v orgánech povinné osoby nebo jiných právnických osob | G96: Jméno a příjmení, včetně titulů | J96: Bc. Martin Kozumplík
A97: Jméno a příjmení, včetně titulů | D97: Ing. Jiří Loubal, MBA | G97: Název právnické osoby, označení orgánu a v něm vykonávané funkce | I97: Název právnické osoby | J97: CYRRUS FX, a.s.
A98: Název právnické osoby, označení orgánu a v něm vykonávané funkce | C98: Název právnické osoby | D98: CYRRUS CORPORATE FINANCE, a.s. | I98: Orgán | J98: Představenstvo
C99: Orgán | D99: Dozorčí rada | I99: Funkce | J99: Místopředseda představenstva
C100: Funkce | D100: Člen dozorčí rady | G100: Členství člena výboru v orgánech povinné osoby nebo jiných právnických osob
A101: Členství člena výboru v orgánech povinné osoby nebo jiných právnických osob | G101: Jméno a příjmení, včetně titulů | J101: Bc. Martin Kozumplík
A102: Jméno a příjmení, včetně titulů | D102: Ing. Jiří Loubal, MBA | G102: Název právnické osoby, označení orgánu a v něm vykonávané funkce | I102: Název právnické osoby | J102: CYRRUS GROUP, SE
A103: Název právnické osoby, označení orgánu a v něm vykonávané funkce | C103: Název právnické osoby | D103: CYRRUS FX, a.s. | I103: Orgán | J103: Správní rada
C104: Orgán | D104: Představenstvo | I104: Funkce | J104: Člen správní rady
C105: Funkce | D105: Předseda představenstva | G105: Členství člena výboru v orgánech povinné osoby nebo jiných právnických osob
A106: Členství člena výboru v orgánech povinné osoby nebo jiných právnických osob | G106: Jméno a příjmení, včetně titulů | J106: Bc. Martin Kozumplík
A107: Jméno a příjmení, včetně titulů | D107: Ing. Jiří Loubal, MBA | G107: Název právnické osoby, označení orgánu a v něm vykonávané funkce | I107: Název právnické osoby | J107: CYRRUS ADVISORY, a.s.
A108: Název právnické osoby, označení orgánu a v něm vykonávané funkce | C108: Název právnické osoby | D108: CYRRUS GROUP, SE | I108: Orgán | J108: Dozorčí rada
C109: Orgán | D109: Správní rada | I109: Funkce | J109: Člen dozorčí rady
C110: Funkce | D110: Předseda správní rady
A111: Jméno a příjmení, včetně titulů | D111: Ing. Jiří Loubal, MBA | G111: Údaje o členech jednotlivých výborů | K111: Bod 3 písm. c)
A112: Název právnické osoby, označení orgánu a v něm vykonávané funkce | C112: Název právnické osoby | D112: CYRRUS ADVISORY, a.s. | G112: Jméno a příjmení, včetně titulů | J112: Michal Přikryl
C113: Orgán | D113: Dozorčí rada | G113: Označení výboru, funkce, datum, od kdy osoba příslušnou funkci člena výboru vykonává | I113: Označení výboru | J113: Výbor pro audit
C114: Funkce | D114: Člen dozorčí rady | I114: Funkce | J114: Člen výboru
I115: Datum počátku výkonu funkce | J115: 41296
A116: Údaje o členech jednotlivých výborů | E116: Bod 3 písm. c) | G116: Dosavadní zkušenosti a kvalifikační předpoklady pro výkon funkce člena výboru
A117: Jméno a příjmení, včetně titulů | D117: Bc. Kamil Kricner | G117: Od 05/2006 | H117: CYRRUS, a.s. - senior makléř
A118: Označení výboru, funkce, datum, od kdy osoba příslušnou funkci člena výboru vykonává | C118: Označení výboru | D118: Výbor pro řízení rizik | G118: 09/2004 – 02/2006 | H118: Fincentrum finanční poradenství, a.s. – osobní poradce
C119: Funkce | D119: Člen výboru | G119: 04/2004 – 08/2005 | H119: ZFP akademie, a.s. – osobní poradce
C120: Datum počátku výkonu funkce | D120: 40909
A121: Dosavadní zkušenosti a kvalifikační předpoklady pro výkon funkce člena výboru | G121: Vzdělání: Integrovaná střední škola Brno, zaměření Informační a databázové systémy.
A122: Od 01/2013 | B122: CYRRUS, a.s. - ředitel pobočky Praha
A123: 03/2006 – 12/2012 | B123: CYRRUS, a.s. - vedoucí Front Office – vedení týmu makléřů
A124: 11/2004 – 02/2006 | B124: CYRRUS, a.s. - makléř sales
A125: 03/2004 – 10/2004 | B125: AFIN BROKERS, a.s., Praha - asistent Portfolio Managera
A127: Vzdělání: Makléřská licence typu B a C, Střední průmyslová škola strojní, Odolená Voda.
A128: Studium Vyšší odborná škola správní - Firemní management pro hotely a cestovní ruch, Kladno, následně studium SVI Praha - Podniková ekonomika a management.
G138: Členství člena výboru v orgánech povinné osoby nebo jiných právnických osob
G139: Jméno a příjmení, včetně titulů | J139: Michal Přikryl
G140: Název právnické osoby, označení orgánu a v něm vykonávané funkce | I140: Název právnické osoby | J140: CYRRUS, a.s.
I141: Orgán | J141: Dozorčí rada
I142: Funkce | J142: Člen dozorčí rady
A143: Členství člena výboru v orgánech povinné osoby nebo jiných právnických osob
A144: Jméno a příjmení, včetně titulů | D144: Bc. Kamil Kricner
A145: Název právnické osoby, označení orgánu a v něm vykonávané funkce | C145: Název právnické osoby | D145: CYRRUS, a.s.
C146: Orgán | D146: Představenstvo
C147: Funkce | D147: Člen představenstva
A149: Údaje o členech jednotlivých výborů | E149: Bod 3 písm. c)
A150: Jméno a příjmení, včetně titulů | D150: Ing. Michal Beran
A151: Označení výboru, funkce, datum, od kdy osoba příslušnou funkci člena výboru vykonává | C151: Označení výboru | D151: Výbor pro řízení rizik
C152: Funkce | D152: Člen výboru
C153: Datum počátku výkonu funkce | D153: 40909
A154: Dosavadní zkušenosti a kvalifikační předpoklady pro výkon funkce člena výboru
A155: Od 03/2011 | B155: CYRRUS, a.s. – project manager informačního a obchodního systému
A156: 05/2000 – 03/2011 | B156: CYRRUS, a.s. – vedoucí Back Office
...

Sheet III. Část 1
A1: III. Část 1
A2: Investiční služby poskytnuté obchodníkem s cennými papíry jiným než podle § 8a odst. 4 a 7 zákona o podnikání na kapitálovém trhu
A4: Investiční služby poskytnuté obchodníkem s cennými papíry jiným než podle § 8a odst. 4 a 7 zákona o podnikání na kapitálovém trhu | H4: Vyhláška č. 163/2014 Sb., v platném znění, příloha 12
A6: Informace platné k datu: | D6: =Obsah!C4 -> 31.12.2018, data po auditu
A7: v tis. Kč | D7: K ultimu vykazovaného období | E7: K ultimu 1. předcházejícího období | F7: K ultimu 2. předcházejícího období | G7: K ultimu 3. předcházejícího období | H7: Bod 1 písm. a)
D8: (4Q/2018) | E8: (3Q/2018) | F8: (2Q/2018) | G8: (1Q/2018)
A9: Objem obchodů s cennými papíry pro klienty | B9: Obchody pro klienty v rámci obhospodařování majetku | C9: Investiční cenné papíry - akcie a obdobné cenné papíry | D9: 0 | E9: 0 | F9: 0 | G9: 0
C10: Investiční cenné papíry - dluhopisy a obdobné cenné papíry | D10: 0 | E10: 0 | F10: 0 | G10: 0
C11: Investiční cenné papíry - ostatní | D11: 0 | E11: 0 | F11: 0 | G11: 0
C12: Cenné papíry kolektivního investování | D12: 0 | E12: 0 | F12: 0 | G12: 0
C13: Nástroje peněžního trhu | D13: 0 | E13: 0 | F13: 0 | G13: 0
B14: Ostatní obchody pro klienty | C14: Investiční cenné papíry - akcie a obdobné cenné papíry | D14: 432961.48 | E14: 408351.67 | F14: 377705 | G14: 456000.63
C15: Investiční cenné papíry - dluhopisy a obdobné cenné papíry | D15: 436892.84 | E15: 183255.61 | F15: 230619.26 | G15: 58045.916
C16: Investiční cenné papíry - ostatní | D16: 5694.7434 | E16: 4030.8095 | F16: 6254.2802 | G16: 11673.017
C17: Cenné papíry kolektivního investování | D17: 0 | E17: 0 | F17: 0 | G17: 0
C18: Nástroje peněžního trhu | D18: 0 | E18: 0 | F18: 0 | G18: 0
A19: Objem obchodů s cennými papíry na vlastní účet | B19: Investiční cenné papíry - akcie a obdobné cenné papíry | D19: 11416.906 | E19: 13534.541 | F19: 9665.6319 | G19: 12078.387 | H19: Bod 1 písm. b)
B20: Investiční cenné papíry - dluhopisy a obdobné cenné papíry | D20: 583.76207 | E20: 510.01233 | F20: 691.50411 | G20: 15375.117
B21: Investiční cenné papíry - ostatní | D21: 0 | E21: 0 | F21: 0 | G21: 0
B22: Cenné papíry kolektivního investování | D22: 0 | E22: 0 | F22: 0 | G22: 0
B23: Nástroje peněžního trhu | D23: 0 | E23: 0 | F23: 0 | G23: 0
A24: Objem obchodů s deriváty pro klienty | B24: Obchody pro klienty v rámci obhospodařování majetku | C24: Akciové deriváty | D24: 0 | E24: 0 | F24: 0 | G24: 0 | H24: Bod 1 písm. c)
C25: Úrokové deriváty | D25: 0 | E25: 0 | F25: 0 | G25: 0
C26: Měnové deriváty | D26: 0 | E26: 0 | F26: 0 | G26: 0
C27: Komoditní deriváty | D27: 0 | E27: 0 | F27: 0 | G27: 0
C28: Úvěrové deriváty | D28: 0 | E28: 0 | F28: 0 | G28: 0
C29: Ostatní deriváty | D29: 0 | E29: 0 | F29: 0 | G29: 0
B30: Ostatní obchody pro klienty | C30: Akciové deriváty | D30: 384548.6 | E30: 288219.87 | F30: 306446.62 | G30: 239594.51
C31: Úrokové deriváty | D31: 0 | E31: 0 | F31: 0 | G31: 0
C32: Měnové deriváty | D32: 0 | E32: 51.774238 | F32: 853.79231 | G32: 5349.3976
C33: Komoditní deriváty | D33: 1800.151 | E33: 2369.6814 | F33: 4569.3999 | G33: 9389.3401
C34: Úvěrové deriváty | D34: 0 | E34: 0 | F34: 0 | G34: 0
C35: Ostatní deriváty | D35: 81332.871 | E35: 84064.515 | F35: 50628.681 | G35: 103995.08
A36: Objem obchodů s deriváty na vlastní účet | B36: Akciové deriváty | D36: 2806.6845 | E36: 8057.3905 | F36: 8057.3905 | G36: 4378.2004 | H36: Bod 1 písm. d)
B37: Úrokové deriváty | D37: 0 | E37: 0 | F37: 0 | G37: 0
B38: Měnové deriváty | D38: 0 | E38: 0 | F38: 0 | G38: 0
B39: Komoditní deriváty | D39: 0 | E39: 0 | F39: 0 | G39: 0
B40: Úvěrové deriváty | D40: 0 | E40: 0 | F40: 0 | G40: 0
B41: Ostatní deriváty | D41: 0 | E41: 0 | F41: 860.69188 | G41: 0

Sheet V. Část 1
A1: V. Část 1 | C1: Prováděcí nařízení Komise (EU) č. 1423/2013 ze dne 20. prosince 2013, kterým se stanoví prováděcí technické normy, pokud jde o požadavky na zpřístupňování informací o kapitálu uložené institucím podle nařízení Evropského parlamentu a Rady (EU) č. 575/2013
A2: Údaje o kapitálu
A4: Údaje o kapitálu podle článku 437 odst. 1 písm. a) nařízení (EU) č. 575/2013 | E4: Vyhláška č.163/2014 Sb., v platném znění, příloha 14
A6: Informace platné k datu: | D6: =Obsah!C4 -> 31.12.2018, data po auditu
A7: Údaje o kapitálu podle článku 437 odst. 1 písm. a) nařízení č. 575/2013/EU. | E7: Bod 1 písm. a)
A9: 1) Instituce použijí metodiku popsanou v této příloze za účelem poskytnutí informací o sesouhlasení mezi rozvahovými položkami použitými k výpočtu kapitálu a regulatorním kapitálem. Položky kapitálu v auditované účetní závěrce zahrnují veškeré položky, které jsou složkami regulatorního kapitálu nebo které jsou odečteny od tohoto kapitálu, včetně vlastního kapitálu, závazků, jako jsou dluhy, nebo jiných rozvahových položek, které ovlivňují regulatorní kapitál, jako jsou nehmotná aktiva, goodwill, odložené daňové pohledávky.
A10: 2) Jako výchozí bod použijí instituce příslušné rozvahové položky použité k výpočtu kapitálu v jejich zveřejněných účetních závěrkách. Účetní závěrka se považuje za auditovanou účetní závěrku, je-li sesouhlasení provedeno na základě účetní závěrky na konci roku.
A11: 3) Pokud instituce plní požadavky stanovené v části osmé nařízení (EU) č. 575/2013 na konsolidovaném nebo subkonsolidovaném základě a pokud se rozsah nebo metoda konsolidace použité v rozvaze v rámci účetní závěrky liší od rozsahu nebo metody konsolidace vyžadované podle části první hlavy II kapitoly 2 nařízení (EU) č. 575/2013, zpřístupní instituce rovněž rozvahu podle právních předpisů, což je rozvaha vypracována podle pravidel obezřetnostní konsolidace podle části první hlavy II kapitoly 2 nařízení (EU) č. 575/2013 a vztahuje se pouze na položky kapitálu. Rozvaha podle právních předpisů je s ohledem na položky kapitálu přinejmenším stejně podrobná jako rozvaha v rámci účetní závěrky a její položky jsou uvedeny vedle sebe s jednoznačným přiřazením položek kapitálu v rozvaze v rámci účetní závěrky. Instituce poskytnou kvalitativní a kvantitativní informace o rozdílech v položkách kapitálu mezi oběma rozvahami, které jsou způsobeny rozsahem a metodou konsolidace.
A12: 4) Instituce za druhé rozšíří položky kapitálu v rozvaze podle právních předpisů tak, aby byly všechny složky vyžadované v přechodné šabloně pro zpřístupňování informací nebo v šabloně pro zpřístupňování informací o kapitálu uvedeny zvlášť. Instituce rozšíří položky rozvahy pouze na úroveň rozčlenění, která je nezbytná pro odvození položek vyžadovaných v přechodné šabloně pro zpřístupňování informací nebo v šabloně pro zpřístupňování informací o kapitálu.
A13: 5) Instituce provedou za třetí přiřazení mezi položkami vyplývajícími z rozšíření rozvahy podle právních předpisů, jak je popsáno v bodě 4, a položkami uvedenými v přechodné šabloně pro zpřístupňování informací nebo v šabloně pro zpřístupňování informací o kapitálu.
A14: 6) Pokud instituce plní požadavky stanovené v části osmé nařízení (EU) č. 575/2013 na konsolidovaném nebo subkonsolidovaném základě, rozsah a metoda konsolidace použité pro rozvahu v rámci účetní závěrky jsou však totožné s rozsahem a metodou konsolidace stanovenými podle části první hlavy II kapitoly 2 nařízení (EU) č. 575/2013, a instituce jednoznačně uvedou, že mezi příslušnými rozsahy a metodami konsolidace neexistují rozdíly, použijí se pouze body 4 a 5 této přílohy na základě rozvahy v rámci účetní závěrky.
A15: 7) Pokud instituce plní požadavky stanovené v části osmé nařízení (EU) č. 575/2013 na individuálním základě, bod 3 této přílohy se nepoužije a místo toho se použijí body 4 a 5 této přílohy na základě rozvahy v rámci účetní závěrky.
A16: 8) Informace týkající se rozvahového sesouhlasení položek kapitálu vyplývající z použití metodiky popsané v této příloze mohou být poskytnuty v neauditované podobě.

Sheet V. Část 2
A1: V. Část 2
A2: Údaje o kapitálových požadavcích
A4: Údaje o kapitálových požadavcích podle článku 438 písm. c) až f) nařízení (EU) č. 575/2013 | D4: Vyhláška č.163/2014 Sb., v platném znění, příloha 14
A6: Informace platné k datu: | C6: =Obsah!C4 -> 31.12.2018, data po auditu
A7: Uveřejňují se údaje o kapitálových požadavcích podle článku podle článku 438 písm. c) až f) nařízení č. 575/2013/EU | D7: Bod 1 písm. b)
A8: V případě institucí, které počítají objem rizikově vážených expozic podle části třetí hlavy II kapitoly 2, 8 % objemu rizikově vážených expozic pro každou kategorii expozic uvedenou v článku 112 nařízení 2013/575/EU | B8: Expozice vůči ústředním vládám nebo centrálním bankám | D8: čl. 438 písm. c) nařízení 575/2013 EU
B9: Expozice vůči regionálním vládám nebo místním orgánům
B10: Expozice vůči subjektům veřejného sektoru
B11: Expozice vůči mezinárodním rozvojovým bankám
B12: Expozice vůči mezinárodním organizacím
B13: Expozice vůči institucím | C13: 4777.0749
B14: Expozice vůči podnikům | C14: 7023.2892
B15: Retailové expozice | C15: 2803.3165
B16: Expozice zajištěné nemovitostmi
B17: Expozice v selhání
B18: Expozice spojené s obzvláště vysokým rizikem
B19: Expozice v krytých dluhopisech
B20: Položky představující sekuritizované pozice
B21: Expozice vůči institucím a podnikům s krátkodobým úvěrovým hodnocením
B22: Expozice ve formě podílových jednotek nebo akcií v subjektech kolektivního investování
B23: Akciové expozice
B24: Ostatní položky
A25: kapitálové požadavky vypočítané podle čl. 92 odst. 3 písm. b) a c) nařízení 2013/575/EU | B25: K pozičnímu riziku | C25: 2193.7906 | D25: čl. 438 písm. e) nařízení 575/2013 EU
B26: Pro velké expozice přesahující limity stanovené v článcích 395 až 401, pokud je instituci povoleno tyto limity překročit
B27: K měnovému riziku | C27: 3815.8587
B28: K vypořádacímu riziku
B29: Ke komoditnímu riziku
A30: Kapitálové požadavky vypočítané podle části třetí hlavy III kapitol 2, 3 a 4 Nařízení 2013/575/EU a zpřístupňované odděleně | B30: Kapitálový požadavek podle hlavy III kapitoly 2 Nařízení 2013/575/EU | C30: 18268.6 | D30: čl. 438 písm. f) nařízení 575/2013 EU
B31: Kapitálový požadavek podle hlavy III kapitoly 3 Nařízení 2013/575/EU
B32: Kapitálový požadavek podle hlavy III kapitoly 4 Nařízení 2013/575/EU
A33: V případě institucí, které počítají objem rizikově vážených expozic podle části třetí hlavy II kapitoly 3, 8 % objemu rizikově vážených expozic pro každou kategorii expozic uvedenou v článku 147. V případě kategorie retailových expozic se tento požadavek použije na každou kategorii expozic, které odpovídají různé korelace podle čl. 154 odst. 1 až 4 nařízení 2013/575/EU | B33: Expozice vůči ústředním vládám nebo centrálním bankám | D33: čl. 438 písm. d) nařízení 575/2013 EU
B34: Expozice vůči institucím
B35: Expozice vůči podnikům
B36: Retailové expozice
B37: Akciové expozice
B38: Položky představující sekuritizované pozice
B39: Jiná aktiva nemající povahu úvěrového závazku
A40: V případě kategorie akciových expozic se tento požadavek použije na | B40: akciové expozice obchodované na regulovaných trzích
B41: akciové expozice neobchodované na regulovaných trzích v dostatečně diverzifikovaných portfoliích a jiné expozice
B42: expozice, které v oblasti kapitálových požadavků podléhají přechodným pravidlům dohledu
B43: expozice, které v oblasti kapitálových požadavků podléhají ustanovením o zachování právních účinků
B44: každý z přístupů uvedených v článku 155 nařízení 2013/575/EU

Sheet V. Část 3
A1: V. Část 3
A2: Kapitálové poměry
A4: Kapitálové poměry | D4: Vyhláška č.163/2014 Sb., v platném znění, příloha 14
A6: Informace platné k datu: | C6: =Obsah!C4 -> 31.12.2018, data po auditu
A7: v % | C7: K ultimu vykazovaného období
A8: Kapitálové poměry povinné osoby | B8: Kapitálový poměr pro kmenový kapitál tier 1 | C8: 11.58 | D8: Bod 2 písm. a)
B9: Kapitálový poměr pro kapitál tier 1 | C9: 11.58
B10: Kapitálový poměr pro celkový kapitál | C10: 11.58
A11: Kapitálové poměry pobočky banky z jiného než členského státu | B11: Kapitálový poměr pro kapitál tier 1 | D11: Bod 2 písm. b)
B12: Kapitálový poměr pro celkový kapitál

Sheet V. Část 4
A1: V. Část 4
A2: Poměrové ukazatele
A4: Poměrové ukazatele | E4: Vyhláška č.163/2014 Sb., v platném znění, příloha 14
A6: Informace platné k datu: | D6: =Obsah!C4 -> 31.12.2018, data po auditu
A7: v % | D7: K ultimu vykazovaného období
A8: Poměrové ukazatele povinné osoby, která je bankou nebo spořitelním a úvěrním družstvem | B8: Rentabilita průměrných aktiv (ROAA) | E8: Bod 3 písm. a)
B9: Rentabilita průměrného kapitálu tier 1 (ROAE)
B10: Aktiva na jednoho pracovníka
B11: Správní náklady na jednoho pracovníka
B12: Zisk nebo ztráta po zdanění na jednoho pracovníka
A13: Poměrové ukazatele povinné osoby, která je obchodníkem s cennými papíry | B13: Zadluženost I (celkový dluh bez majetku klientů/aktiva bez majetku klientů) | D13: 63.81 | E13: Bod 3 písm. b)
B14: Zadluženost II (celkový dluh bez majetku klientů/vlastní kapitál) | D14: 176.3
B15: Rentabilita průměrných aktiv (ROAA, aktiva bez majetku klientů) | D15: 3.31
B16: Rentabilita průměrného kapitálu tier 1(ROAE) | D16: 52.17
B17: Rentabilita tržeb (zisk po zdanění/výnosy z investičních služeb) | D17: 23.02
B18: Správní náklady na jednoho pracovníka | D18: 1209.95
A19: Poměrové ukazatele pobočky banky z jiného než členského státu | B19: Rentabilita průměrných aktiv (ROAA) | E19: Bod 3 písm. c)
B20: Rentabilita průměrného kapitálu tier 1 (ROAE)
B21: Aktiva na jednoho pracovníka
B22: Správní náklady na jednoho pracovníka
B23: Zisk nebo ztráta po zdanění na jednoho pracovníka

Sheet Číselník 1
A1: Číselník 1
A2: CZ-NACE (OKEČ) číselník
A4: CZ-NACE (OKEČ) číselník
D6: SEKCE A - ZEMĚDĚLSTVÍ, LESNICTVÍ A RYBÁŘSTVÍ
A8: 01 | D8: Rostlinná a živočišná výroba, myslivost a související činnosti
B10: 01.1 | D10: Pěstování plodin jiných než trvalých
C11: 01.11 | D11: Pěstování obilovin (kromě rýže), luštěnin a olejnatých semen
C12: 01.12 | D12: Pěstování rýže
C13: 01.13 | D13: Pěstování zeleniny a melounů, kořenů a hlíz
C14: 01.14 | D14: Pěstování cukrové třtiny
C15: 01.15 | D15: Pěstování tabáku
C16: 01.16 | D16: Pěstování přadných rostlin
C17: 01.19 | D17: Pěstování ostatních plodin jiných než trvalých
B19: 01.2 | D19: Pěstování trvalých plodin
C20: 01.21 | D20: Pěstování vinných hroznů
C21: 01.22 | D21: Pěstování tropického a subtropického ovoce
C22: 01.23 | D22: Pěstování citrusových plodů
C23: 01.24 | D23: Pěstování jádrového a peckového ovoce
C24: 01.25 | D24: Pěstování ostatního stromového a keřového ovoce a ořechů
C25: 01.26 | D25: Pěstování olejnatých plodů
C26: 01.27 | D26: Pěstování rostlin pro výrobu nápojů
C27: 01.28 | D27: Pěstování koření, aromatických, léčivých a farmaceutických rostlin
C28: 01.29 | D28: Pěstování ostatních trvalých plodin
B30: 01.3 | D30: Množení rostlin
C31: 01.30 | D31: Množení rostlin
B33: 01.4 | D33: Živočišná výroba
C34: 01.41 | D34: Chov mléčného skotu
C35: 01.42 | D35: Chov jiného skotu
C36: 01.43 | D36: Chov koní a jiných koňovitých
C37: 01.44 | D37: Chov velbloudů a velbloudovitých
C38: 01.45 | D38: Chov ovcí a koz
C39: 01.46 | D39: Chov prasat
C40: 01.47 | D40: Chov drůbeže
C41: 01.49 | D41: Chov ostatních zvířat
C42: 01.49.1 | D42: Chov drobných hospodářských zvířat
C43: 01.49.2 | D43: Chov kožešinových zvířat
C44: 01.49.3 | D44: Chov zvířat pro zájmový chov
C45: 01.49.9 | D45: Chov ostatních zvířat j. n.
B47: 01.5 | D47: Smíšené hospodářství
C48: 01.50 | D48: Smíšené hospodářství
B50: 01.6 | D50: Podpůrné činnosti pro zemědělství a posklizňové činnosti
C51: 01.61 | D51: Podpůrné činnosti pro rostlinnou výrobu
C52: 01.62 | D52: Podpůrné činnosti pro živočišnou výrobu
C53: 01.63 | D53: Posklizňové činnosti
C54: 01.64 | D54: Zpracování osiva pro účely množení
B56: 01.7 | D56: Lov a odchyt divokých zvířat a související činnosti
C57: 01.70 | D57: Lov a odchyt divokých zvířat a související činnosti
A59: 02 | D59: Lesnictví a těžba dřeva
B61: 02.1 | D61: Lesní hospodářství a jiné činnosti v oblasti lesnictví
C62: 02.10 | D62: Lesní hospodářství a jiné činnosti v oblasti lesnictví
B64: 02.2 | D64: Těžba dřeva
C65: 02.20 | D65: Těžba dřeva
B67: 02.3 | D67: Sběr a získávání volně rostoucích plodů a materiálů, kromě dřeva
C68: 02.30 | D68: Sběr a získávání volně rostoucích plodů a materiálů, kromě dřeva
B70: 02.4 | D70: Podpůrné činnosti pro lesnictví
C71: 02.40 | D71: Podpůrné činnosti pro lesnictví
A73: 03 | D73: Rybolov a akvakultura
B75: 03.1 | D75: Rybolov
C76: 03.11 | D76: Mořský rybolov
C77: 03.12 | D77: Sladkovodní rybolov
B79: 03.2 | D79: Akvakultura
C80: 03.21 | D80: Mořská akvakultura
C81: 03.22 | D81: Sladkovodní akvakultura
D84: SEKCE B - TĚŽBA A DOBÝVÁNÍ
A86: 05 | D86: Těžba a úprava černého a hnědého uhlí
B88: 05.1 | D88: Těžba a úprava černého uhlí
C89: 05.10 | D89: Těžba a úprava černého uhlí
C90: 05.10.1 | D90: Těžba černého uhlí
C91: 05.10.2 | D91: Úprava černého uhlí
B93: 05.2 | D93: Těžba a úprava hnědého uhlí
C94: 05.20 | D94: Těžba a úprava hnědého uhlí
C95: 05.20.1 | D95: Těžba hnědého uhlí, kromě lignitu
C96: 05.20.2 | D96: Úprava hnědého uhlí, kromě lignitu
C97: 05.20.3 | D97: Těžba lignitu
C98: 05.20.4 | D98: Úprava lignitu
A100: 06 | D100: Těžba ropy a zemního plynu
B102: 06.1 | D102: Těžba ropy
C103: 06.10 | D103: Těžba ropy
B105: 06.2 | D105: Těžba zemního plynu
C106: 06.20 | D106: Těžba zemního plynu
A108: 07 | D108: Těžba a úprava rud
B110: 07.1 | D110: Těžba a úprava železných rud
C111: 07.10 | D111: Těžba a úprava železných rud
C112: 07.10.1 | D112: Těžba železných rud
C113: 07.10.2 | D113: Úprava železných rud
B115: 07.2 | D115: Těžba a úprava neželezných rud
C116: 07.21 | D116: Těžba a úprava uranových a thoriových rud
C117: 07.21.1 | D117: Těžba uranových a thoriových rud
C118: 07.21.2 | D118: Úprava uranových a thoriových rud
C119: 07.29 | D119: Těžba a úprava ostatních neželezných rud
C120: 07.29.1 | D120: Těžba ostatních neželezných rud
C121: 07.29.2 | D121: Úprava ostatních neželezných rud
A123: 08 | D123: Ostatní těžba a dobývání
B125: 08.1 | D125: Dobývání kamene, písků a jílů
C126: 08.11 | D126: Dobývání kamene pro výtvarné nebo stavební účely, vápence, sádrovce, křídy a břidlice
C127: 08.12 | D127: Provoz pískoven a štěrkopískoven; těžba jílů a kaolinu
B129: 08.9 | D129: Těžba a dobývání j. n.
C130: 08.91 | D130: Těžba chemických minerálů a minerálů pro výrobu hnojiv
C131: 08.92 | D131: Těžba rašeliny
C132: 08.93 | D132: Těžba soli
...

Sheet Číselník 2
A1: Číselník 2
A2: Název | B2: Kód
A3: AD | B3: Andorrské knížectví
A4: AE | B4: Spojené arabské emiráty
A5: AF | B5: Afghánistán
A6: AG | B6: Antigua a Barbuda
A7: AI | B7: Anguilla
A8: AL | B8: Albánská republika
A9: AM | B9: Arménská republika
A10: AO | B10: Angolská republika
A11: AQ | B11: Antarktida
A12: AR | B12: Argentinská republika
A13: AS | B13: Americká Samoa
... A252: ZW | B252: Republika Zimbabwe
